 Dungeon Crawl Stone Soup version 0.30-a0-165-g1891117ce2 (webtiles) character file.

Game seed: 13141512875858267919

341602 qw the Peltast (level 22, -3/149 HPs)
             Began as a Gargoyle Fighter on Sept 28, 2022.
             Was the Champion of Okawaru.
             Slain by a deep troll shaman (11 damage)
             ... while paralysed by a floating eye
             ... on level 1 of the Depths.
             The game lasted 00:25:58 (48503 turns).

qw the Peltast (Gargoyle Fighter)                  Turns: 48503, Time: 00:25:58

Health: -3/149     AC: 65    Str: 31    XL:     22   Next: 1%
Magic:  3/9        EV:  2    Int: 13    God:    Okawaru [******]
Gold:   2303       SH:  0    Dex: 21    Spells: 21/21 levels left

rFire   . . .      SeeInvis .    E - +3 broad axe of Kenwykk {antimagic, *Noise Fly Int+2 Dex+2}
rCold   . . .      Faith    .    m - +1 tower shield of the Gate {rElec Str+2}
rNeg    + . .      Spirit   .    C - +6 plate armour {Will+}
rPois   inf        Reflect  +    l - +2 helmet
rElec   +          Harm     .    g - +2 cloak
rCorr   +          Rampage  .    K - +1 pair of gloves {Dex+3}
Will    ++...                    f - +1 pair of boots of Kaqex {Dex+4}
Stlth   ..........               A - amulet of reflection
HPRegen 0.34/turn                I - ring "Zinud" {rCorr AC+4 Dex+3}
MPRegen 0.11/turn                q - +4 ring of protection

@: paralysed, heroic, finesse-ful, flying
A: sickness immunity, AC +16, big wings, negative energy resistance 1,
electricity resistance, torment resistance 1, petrification resistance
}: 2/15 runes: decaying, gossamer
a: Renounce Religion, Heroism, Finesse, Duel


You were on level 1 of the Depths.
You worshipped Okawaru.
Okawaru was exalted by your worship.
You visited 8 branches of the dungeon, and saw 36 of its levels.

You collected 5667 gold pieces.
You spent 3364 gold pieces at shops.


Innate Abilities, Weirdness & Mutations

You are immune to sickness and miasma.
Your stone body is resilient. (AC +16)
You are immune to poison.
Your large and strong wings let you fly.
You resist negative energy. (rN+)
You are resistant to electric shocks. (rElec)
You are resistant to unholy torment.
You are immune to petrification.


   Skills:
 - Level 19.0(24.0) Fighting
 - Level 18.0(23.0) Axes
 - Level 10.0(15.0) Throwing
 - Level 18.0(23.0) Armour
 + Level 9.9(14.9) Dodging
 - Level 20.0(25.0) Shields
 - Level 10.0 Invocations


You had 21 spell levels left.
You didn't know any spells.
Your spell library was empty.

Inventory:

Hand Weapons
 w - the +3 broad axe of the People {holy, rPois rF- rCorr Dex+7}
   (You found it on level 8 of the Dungeon)

   It has been blessed by the Shining One to cause great damage to the undead
   and demons.
   Dex:       It affects your dexterity (+7).
   rF:        It makes you vulnerable to fire.
   rPois:     It protects you from poison.
   rCorr:     It protects you from acid and corrosion.
 E - the +3 broad axe of Kenwykk (weapon) {antimagic, *Noise Fly Int+2 Dex+2}
   (Okawaru gifted it to you on level 3 of the Lair of Beasts)

   It reduces the magical energy of the wielder, and disrupts the spells and
   magical abilities of those it strikes.
   Natural abilities and divine invocations are not affected.
   Int:       It affects your intelligence (+2).
   Dex:       It affects your dexterity (+2).
   Fly:       It grants you flight.
   *Noise:    It may make noises in combat.
Missiles
 b - 9 boomerangs (quivered)
 x - a silver javelin
Armour
 f - the +1 pair of boots of Kaqex (worn) {Dex+4}
   (You acquired it on level 1 of the Lair of Beasts)

   Dex:       It affects your dexterity (+4).
 g - a +2 cloak (worn)
 h - +0 ice dragon scales
 l - a +2 helmet (worn)
 m - the +1 tower shield of the Gate (worn) {rElec Str+2}
   (Okawaru gifted it to you on level 1 of the Vaults)

   Str:       It affects your strength (+2).
   rElec:     It insulates you from electricity.
 p - +0 acid dragon scales
 t - a +0 plate armour of cold resistance
 C - a +6 plate armour of willpower (worn)
 F - a +2 plate armour of fire resistance
 K - a +1 pair of gloves of dexterity (worn)
Jewellery
 c - a ring of protection from fire
 e - the ring "Kaneug" {rPois rC+}
   (You found it on level 7 of the Dungeon)

   [ring of poison resistance]

   rC:        It protects you from cold.
   rPois:     It protects you from poison.
 q - a +4 ring of protection (right hand)
 s - a ring of protection from cold
 y - a ring of resist corrosion
 A - an amulet of reflection (around neck)
 B - a ring of protection from fire
 I - the ring "Zinud" (left hand) {rCorr AC+4 Dex+3}
   (You found it on level 5 of the Lair of Beasts)

   [ring of protection]

   AC:        It affects your AC (+4).
   Dex:       It affects your dexterity (+3).
   rCorr:     It protects you from acid and corrosion.
Scrolls
 r - 20 scrolls of identify
 u - 5 scrolls of brand weapon
 D - 6 scrolls of enchant weapon
 G - 2 scrolls of teleportation
Potions
 a - 8 potions of haste
 d - 9 potions of might
 i - 3 potions of cancellation
 j - 6 potions of attraction
 k - 4 potions of resistance
 n - 5 potions of heal wounds
 o - 4 potions of lignification
 v - 22 potions of curing
 z - 7 potions of mutation
 H - 2 potions of magic

Dungeon Overview and Level Annotations

Branches:
Dungeon (15/15)            Temple (1/1) D:4            Lair (5/5) D:11
  Swamp (4/4) Lair:3       Spider (4/4) Lair:2        Slime (0/5) Lair:5
    Orc (2/2) D:11            Elf (0/3) Orc:2        Vaults (4/5) D:13
  Crypt (0/3) Vaults:3     Depths (1/4) D:15

Altars:
Ashenzari
Cheibriados
Dithmenos
Elyvilon
Fedhas
Gozag
Hepliaklqana
Kikubaaqudgha
Makhleb
Nemelex Xobeh
Okawaru
Qazlal
Ru
Sif Muna
Trog
Uskayaw
Vehumet
Wu Jian
Xom
Yredelemnul
Zin
The Shining One
Jiyva

Shops:
D:14 !   D:15 =   Orc:1 ?   Orc:2 ?![:**   Vaults:2 :   Vaults:4 !

Portals:
Pandemonium: Orc:2

Annotations:
D:6 1 runed translucent door
Orc:2 3 runed translucent doors, qw's ghost, adept GrFi


Message History

You block the deep troll shaman's attack.
A rakshasa comes into view. It is wielding a +0 trident.
The rakshasa hits you from afar with a +0 trident!
You carve the fire dragon like a ham!!!
The fire dragon is severely wounded.
You slice the deep troll earth mage!!
The deep troll earth mage's magic leaks into the air.
You closely miss the deep troll shaman. You barely miss the fire dragon.
The fire dragon is severely wounded.
You closely miss the deep troll shaman. You slash the cyan very ugly thing!
You barely miss the deep troll earth mage.
The deep troll earth mage bites you but does no damage.
The deep troll earth mage barely misses you.
The deep troll earth mage claws you but does no damage.
The spriggan berserker mumbles some strange prayers to Trog.
The death yak goes berserk!
You slice the fire dragon!!
You kill the fire dragon!
Okawaru accepts your kill.
The fire dragon scales are intact enough to wear.
You hit the deep troll earth mage but do no damage.
You slice the deep troll shaman!! You slash the cyan very ugly thing!
The floating eye gazes piercingly through you!
You suddenly lose the ability to move!
The rakshasa weaves an illusion.
The spriggan berserker shimmers and seems to become two!
The deep troll shaman bites you but does no damage.
The deep troll shaman claws you but does no damage. x2
The deep troll earth mage bites you but does no damage.
The deep troll earth mage claws you but does no damage. x2
The elephant rages.
The death yak rages.
The cyan very ugly thing tentacle-slaps you but does no damage.
The deep troll earth mage bites you!!
The deep troll earth mage claws you but does no damage.
The deep troll earth mage claws you!!
The rakshasa hits you but does no damage.
The deep troll shaman bites you but does no damage.
The deep troll shaman claws you!
You die...

##### #<..##
#....#
####.###...#
.....YD@...#
......TTu.#.....
......iiR.......
#.#..GY.........
# ##T...........
..R...........
##y##..........
.. .........#.


You could see a cyan very ugly thing, a fire dragon, a death yak (summoned,
berserk), an elephant (summoned, berserk), 2 rakshasas, a spark wasp, 2 spriggan
berserkers, a deep troll earth mage (fast, strong, magic disrupted), 2 deep
troll shamans and a floating eye.

Vanquished Creatures
  the Lernaean hydra (Swamp:4)
  2 sphinxes
  A thorn hunter (Swamp:4)
  Kirke (D:13)
  A frost giant (Orc:1)
  8 emperor scorpions
  8 vault wardens
  4 ghost moths (Spider:4)
  5 orc warlords
  3 ghouls
  4 war gargoyles
  3 broodmothers
  A very ugly thing (Depths:1)
  19 ironbound preservers
  5 ironbound thunderhulks
  7 eleionomae
  3 spark wasps
  5 bunyips
  30 dire elephants
  3 fire dragons
  2 ettins
  2 crystal guardians
  3 great orbs of eyes
  2 shambling mangroves
  6 yaktaur captains
  2 ice dragons
  11 entropy weavers
  A deep elf high priest (Vaults:2)
  27 hydras
  A rakshasa (Depths:1)
  Harold (D:9)
  4 peacekeepers
  4 catoblepae
  13 boulder beetles
  A ghost crab (Swamp:3)
  9 ironbound frosthearts
  5 radroaches (Spider:2)
  3 jorogumos (Spider:2)
  18 centaur warriors
  2 demonspawn (Orc:2)
  21 death yaks
  8 alligators
  A death scarab (Spider:4)
  6 two-headed ogres
  2 death knights (Vaults:3)
  5 orc high priests (Orc:2)
  A fire crab (Lair:4)
  6 pharaoh ants
  Nergalle (D:11)
  5 steelbarb worms
  4 spriggan druids
  Lodul (D:11)
  5 goliath frogs
  A sixfirhy (Orc:2)
  14 orb spiders
  11 bog bodies
  56 deep trolls
  An orb spider (shapeshifter) (Vaults:4)
  A glowing orange brain (Vaults:4)
  9 lindwurms
  4 wizards
  10 swamp dragons
  11 ironbound convokers
  2 phantasmal warriors
  Pikel (D:5)
  4 deep elf pyromancers
  3 necromancers
  10 orc knights
  A deep elf zephyrmancer (D:13)
  8 orc sorcerers
  17 wolf spiders
  A harpy (Vaults:2)
  4 will-o-the-wisps
  28 ugly things
  19 cyclopes
  A shining eye (shapeshifter) (D:15)
  A salamander (shapeshifter) (D:14)
  A sphinx skeleton (Vaults:1)
  5 manticores
  9 elephants
  2 rust devils (Orc:2)
  A moth of wrath (Spider:3)
  A frost giant skeleton (Vaults:1)
  A manticore (shapeshifter) (D:11)
  A guardian serpent (Lair:5)
  18 vault sentinels
  2 gargoyles (D:11)
  6 black mambas
  3 stone giant skeletons (Vaults:1)
  An unseen horror (D:12)
  24 cane toads
  3 torpor snails
  3 rime drakes
  A human zombie (Vaults:1)
  7 demonic crawlers
  3 kobold demonologists
  10 komodo dragons
  30 yaktaurs
  2 efreet
  A red devil (Orc:2)
  8 trolls
  2 bloated husks
  A queen bee (D:11)
  9 meliai
  2 meliai (shapeshifter) (D:15)
  6 tyrant leeches
  23 hornets
  14 polar bears
  Prince Ribbit (D:5)
  Grinder (D:5)
  28 blink frogs
  20 tarantellas
  2 raiju (Lair:5)
  7 dream sheep (Lair:5)
  An ettin skeleton (Vaults:1)
  50 slime creatures
  A centaur simulacrum (D:15)
  17 culicivoras
  4 shadows
  10 spriggans
  Sigmund (D:4)
  A ynoxinul (Orc:2)
  32 jumping spiders
  2 wraiths
  17 wyverns
  2 vampires
  27 yaks
  2 basilisks
  7 humans
  A hog (D:12)
  2 steam dragons (D:6)
  22 vampire mosquitoes
  A yaktaur simulacrum (Vaults:1)
  A chaos spawn (Orc:2)
  12 wargs
  45 redbacks
  10 swamp worms
  An acid dragon (D:13)
  A glowing shapeshifter skeleton (Vaults:1)
  24 water moccasins
  13 hell hounds (Lair:5)
  31 orc warriors
  11 black bears (Lair:5)
  8 swamp drakes
  2 ice beasts
  7 centaurs
  17 ogres
  36 wolves
  2 lemures (D:5)
  11 bullfrogs
  3 kobold brigands
  3 necrophages
  6 scorpions
  34 killer bees
  2 jellies
  4 electric eels
  30 orc priests
  7 hounds
  Ijyb (D:5)
  17 orc wizards
  4 adders
  A shadow imp (D:6)
  4 white imps
  2 ufetubi (D:5)
  2 worms
  2 dart slugs
  86 orcs
  A bat zombie (D:6)
  5 endoplasms
  7 giant cockroaches
  16 goblins
  9 hobgoblins
  5 jackals
  4 quokkas
  4 ball pythons
  6 bats
  6 frilled lizards
  A goblin skeleton (D:7)
  2 goblin zombies
  A hobgoblin zombie (D:7)
  2 jackal skeletons (D:6)
  30 kobolds
  2 kobold skeletons (D:7)
  A kobold zombie (D:7)
  An orc zombie (D:7)
  7 rats
  A rat zombie (D:6)
1525 creatures vanquished.

Vanquished Creatures (others)
  An angel (D:7)
  A steelbarb worm (Spider:2)
  A bog body (Swamp:4)
  A wizard (D:15)
  4 bloated husks
  A redback (Spider:3)
  A swamp drake (Swamp:4)
  An orc priest (Orc:1)
  8 foxfires
  44 fungi
  75 plants
138 creatures vanquished.

Grand Total: 1663 creatures vanquished

Notes
Turn   | Place    | Note
-------+----------+-------------------------------------------
     0 | D:1      | qw the Gargoyle Fighter began the quest for the Orb.
     0 | D:1      | Reached XP level 1. HP: 14/14 MP: 1/1
     0 | D:1      | 0 ||| qw: Version: 0.2-a-12-gaebbb33
     0 | D:1      | 0 ||| qw: Game counter: 745
     0 | D:1      | 0 ||| qw: Always use a shield: true
     0 | D:1      | 0 ||| qw: God list: Okawaru
     0 | D:1      | 0 ||| qw: Allow faded altars: false
     0 | D:1      | 0 ||| qw: Do Orc after D:15 true
     0 | D:1      | 0 ||| qw: Do second Lair branch before Depths: true
     0 | D:1      | 0 ||| qw: Lair rune preference: random
     0 | D:1      | 0 ||| qw: Plans: Normal, Zot:1-4, God:TSO, Crypt, Tomb,
                  | Pan, Slime:5, Hells, Abyss, Orb
     0 | D:1      | 0 ||| PLANNING D:1-11
    99 | D:1      | Reached XP level 2. HP: 8/19 MP: 2/2
   327 | D:1      | Found a faded altar of an unknown god.
   556 | D:1      | 556 ||| Stepping ~*~*~tactically~*~*~ (stealth).
   562 | D:1      | Reached skill level 3 in Axes
   763 | D:1      | 763 ||| UPGRADING to +2 cloak.
   768 | D:1      | 768 ||| DROPPING +6 ring of intelligence.
   769 | D:1      | 769 ||| READING scroll labelled XIOCHO HULYOWN.
   770 | D:1      | 770 ||| READING scroll labelled LASELEI MOAGATH.
   771 | D:1      | 771 ||| DRINKING 2 silvery potions.
   829 | D:2      | Reached XP level 3. HP: 23/23 MP: 3/3
  1382 | D:2      | 1382 ||| FLEEEEING.
  1383 | D:2      | 1383 ||| FLEEEEING.
  1384 | D:2      | 1384 ||| FLEEEEING.
  1387 | D:2      | 1387 ||| FLEEEEING.
  1388 | D:2      | 1388 ||| FLEEEEING.
  1389 | D:2      | 1389 ||| FLEEEEING.
  1390 | D:2      | 1390 ||| FLEEEEING.
  1391 | D:2      | 1391 ||| FLEEEEING.
  1392 | D:2      | 1392 ||| FLEEEEING.
  1393 | D:2      | 1393 ||| FLEEEEING.
  1394 | D:2      | 1394 ||| FLEEEEING.
  1396 | D:2      | 1396 ||| FLEEEEING.
  1397 | D:2      | 1397 ||| FLEEEEING.
  1398 | D:2      | 1398 ||| FLEEEEING.
  1399 | D:2      | 1399 ||| FLEEEEING.
  1400 | D:2      | 1400 ||| FLEEEEING.
  1401 | D:2      | 1401 ||| FLEEEEING.
  1402 | D:2      | 1402 ||| FLEEEEING.
  1412 | D:2      | 1412 ||| FLEEEEING.
  1413 | D:2      | 1413 ||| FLEEEEING.
  1414 | D:2      | 1414 ||| FLEEEEING.
  1415 | D:2      | 1415 ||| FLEEEEING.
  1416 | D:2      | 1416 ||| FLEEEEING.
  1417 | D:2      | 1417 ||| FLEEEEING.
  1418 | D:2      | 1418 ||| FLEEEEING.
  1419 | D:2      | 1419 ||| FLEEEEING.
  1420 | D:2      | 1420 ||| FLEEEEING.
  1421 | D:2      | 1421 ||| FLEEEEING.
  1422 | D:2      | 1422 ||| FLEEEEING.
  1423 | D:2      | 1423 ||| FLEEEEING.
  1424 | D:2      | 1424 ||| FLEEEEING.
  1436 | D:2      | 1436 ||| FLEEEEING.
  1437 | D:2      | 1437 ||| FLEEEEING.
  1438 | D:2      | 1438 ||| FLEEEEING.
  1829 | D:2      | Reached XP level 4. HP: 26/28 MP: 4/4
  1907 | D:2      | 1907 ||| Stepping ~*~*~tactically~*~*~ (stealth).
  1909 | D:2      | 1909 ||| Stepping ~*~*~tactically~*~*~ (stealth).
  1918 | D:2      | 1918 ||| Stepping ~*~*~tactically~*~*~ (hiding).
  1943 | D:2      | 1943 ||| FLEEEEING.
  1949 | D:2      | 1949 ||| STAIRDANCE
  2016 | D:1      | 2016 ||| DROPPING orb of wrath.
  2017 | D:1      | 2017 ||| DRINKING 2 fizzy blue potions.
  2467 | D:2      | 2467 ||| READING scroll labelled URESYMMIODI.
  2485 | D:3      | 2485 ||| STAIRDANCE
  2613 | D:3      | Found a shadowy altar of Dithmenos.
  3244 | D:3      | 3244 ||| Stepping ~*~*~tactically~*~*~ (hiding).
  3524 | D:3      | Reached XP level 5. HP: 32/32 MP: 5/5
  3762 | D:3      | 3762 ||| READING scroll labelled TAMYOSSAJOM.
  3763 | D:3      | 3763 ||| READING scroll labelled JEICAT KUSS.
  3764 | D:3      | 3764 ||| READING scroll labelled BIKUDA IRAMU.
  3769 | D:3      | 3769 ||| READING scroll labelled CANUZU PIAFIM.
  3770 | D:3      | 3770 ||| DRINKING 2 metallic pink potions.
  3871 | D:3      | 3871 ||| DROPPING potion of ambrosia.
  4062 | D:4      | Found a staircase to the Ecumenical Temple.
  4063 | D:4      | 4063 ||| PLANNING TEMPLE
  4063 | D:4      | 4063 ||| UPGRADING to +0 chain mail.
  4073 | D:4      | 4073 ||| DROPPING +0 scale mail.
  4074 | D:4      | 4074 ||| DROPPING +3 ring mail.
  4075 | D:4      | 4075 ||| UPGRADING to +1 pair of boots.
  4080 | D:4      | 4080 ||| UPGRADING to +0 pair of gloves.
  4109 | D:4      | Reached XP level 6. HP: 22/38 MP: 6/6
  4243 | Temple   | Entered the Ecumenical Temple
  4244 | Temple   | 4244 ||| PLANNING D:1-11
  4244 | Temple   | 4244 ||| UPGRADING to ring of protection from fire.
  4245 | Temple   | 4245 ||| READING scroll labelled BUISOEXACS.
  4545 | D:4      | 4545 ||| Stepping ~*~*~tactically~*~*~ (hiding).
  4599 | D:4      | 4599 ||| Stepping ~*~*~tactically~*~*~ (stealth).
  4637 | D:4      | Reached skill level 6 in Axes
  4637 | D:4      | Reached XP level 7. HP: 19/44 MP: 7/7
  4653 | D:4      | Reached skill level 1 in Dodging
  4945 | D:4      | Found an opulent altar of Gozag.
  5153 | D:4      | Noticed Sigmund
  5155 | D:4      | 5155 ||| DRINKING 2 potions of curing.
  5155 | D:4      | 5155 ||| (to cure confusion)
  5160 | D:4      | 5160 ||| DRINKING potion of curing.
  5160 | D:4      | 5160 ||| (to cure confusion)
  5161 | D:4      | Killed Sigmund
  5277 | D:4      | 5277 ||| READING scroll labelled UFASIS LI RIM.
  5278 | D:4      | 5278 ||| READING scroll labelled OCOCIM SET.
  5284 | D:5      | Entered Level 5 of the Dungeon
  5367 | D:5      | Noticed Grinder
  5378 | D:5      | Paralysed by Grinder for 3 turns
  5386 | D:5      | Paralysed by Grinder for 3 turns
  5394 | D:5      | Killed Grinder
  5395 | D:5      | Reached skill level 3 in Throwing
  5395 | D:5      | Reached XP level 8. HP: 30/48 MP: 8/8
  5592 | D:5      | Noticed Pikel
  5609 | D:5      | HP: 12/48 [lemure[Pikel] (3)]
  5610 | D:5      | 5610 ||| DRINKING 2 potions of heal wounds.
  5619 | D:5      | Killed Pikel
  5716 | D:5      | 5716 ||| DROPPING +0 whip.
  5719 | D:5      | 5719 ||| DROPPING +0 whip of freezing.
  5818 | D:5      | Found a broken altar of Ashenzari.
  5862 | D:5      | 5862 ||| DROPPING +0 flail.
  6032 | D:5      | 6032 ||| SWAPPING to +2 war axe of electrocution.
  6033 | D:5      | 6033 ||| DROPPING +1 war axe.
  6168 | D:5      | Noticed Ijyb
  6176 | D:5      | Killed Ijyb
  6450 | D:5      | Noticed Prince Ribbit
  6461 | D:5      | Killed Prince Ribbit
  6462 | D:5      | Reached XP level 9. HP: 47/57 MP: 9/9
  6543 | D:5      | 6543 ||| UPGRADING to +6 ring of strength.
  6544 | D:5      | 6544 ||| DRINKING 2 emerald potions.
  6545 | D:5      | 6545 ||| DRINKING 2 sedimented inky potions.
  6588 | D:5      | 6588 ||| READING 3 scrolls of identify.
  6588 | D:5      | 6588 ||| IDENTIFYING pink potion
  6589 | D:5      | 6589 ||| READING 2 scrolls of identify.
  6589 | D:5      | 6589 ||| IDENTIFYING yellow potion
  6590 | D:5      | 6590 ||| DROPPING potion of flight.
  6591 | D:5      | 6591 ||| DROPPING potion of degeneration.
  6759 | D:6      | Found an ancient bone altar of Kikubaaqudgha.
  6796 | D:6      | 6796 ||| FLEEEEING.
  6797 | D:6      | 6797 ||| FLEEEEING.
  6798 | D:6      | 6798 ||| FLEEEEING.
  6799 | D:6      | 6799 ||| FLEEEEING.
  6800 | D:6      | 6800 ||| FLEEEEING.
  6801 | D:6      | 6801 ||| FLEEEEING.
  6802 | D:6      | 6802 ||| FLEEEEING.
  6803 | D:6      | 6803 ||| FLEEEEING.
  6804 | D:6      | 6804 ||| FLEEEEING.
  6805 | D:6      | 6805 ||| FLEEEEING.
  6806 | D:6      | 6806 ||| STAIRDANCE
  6919 | D:6      | 6919 ||| STAIRDANCE
  7151 | D:6      | Found a hazy altar of Hepliaklqana.
  7158 | D:6      | Found a runed translucent door.
  7170 | D:6      | Found a basalt altar of Yredelemnul.
  7176 | D:6      | 7176 ||| UPGRADING to +0 helmet.
  7287 | D:6      | 7287 ||| READING scroll of enchant weapon.
  7287 | D:6      | 7287 ||| ENCHANTING +2 war axe of electrocution.
  7480 | D:6      | 7480 ||| READING scroll labelled DYUCEM FOTHAY.
  7613 | D:7      | Found a glowing golden altar of the Shining One.
  7614 | D:7      | 7614 ||| Stepping ~*~*~tactically~*~*~ (stealth).
  7618 | D:7      | 7618 ||| Stepping ~*~*~tactically~*~*~ (stealth).
  7622 | D:7      | 7622 ||| Stepping ~*~*~tactically~*~*~ (stealth).
  7624 | D:7      | 7624 ||| Stepping ~*~*~tactically~*~*~ (stealth).
  7634 | D:7      | 7634 ||| Stepping ~*~*~tactically~*~*~ (hiding).
  7636 | D:7      | 7636 ||| Stepping ~*~*~tactically~*~*~ (hiding).
  7683 | D:7      | 7683 ||| Stepping ~*~*~tactically~*~*~ (stealth).
  7751 | D:7      | Identified the ring "Kaneug" {rPois rC+}
  7954 | D:7      | Reached skill level 9 in Axes
  8004 | D:7      | Reached skill level 4 in Shields
  8087 | D:7      | Noticed a cyclops
  8087 | D:7      | Noticed a troll
  8088 | D:7      | 8088 ||| Stepping ~*~*~tactically~*~*~ (stealth).
  8089 | D:7      | Noticed a kobold demonologist
  8097 | D:7      | Reached skill level 6 in Armour
  8097 | D:7      | 8097 ||| Stepping ~*~*~tactically~*~*~ (hiding).
  8101 | D:7      | Killed a troll
  8109 | D:7      | Killed a cyclops
  8110 | D:7      | Reached XP level 10. HP: 37/63 MP: 10/10
  8117 | D:7      | Killed a kobold demonologist
  8267 | D:7      | Killed an angel
  8484 | D:7      | 8484 ||| Stepping ~*~*~tactically~*~*~ (hiding).
  8591 | D:7      | Found a glowing silver altar of Zin.
  8673 | D:7      | 8673 ||| Stepping ~*~*~tactically~*~*~ (hiding).
  8833 | D:7      | Reached skill level 5 in Shields
  8858 | D:7      | Found a shimmering altar of Xom.
  9286 | D:7      | 9286 ||| READING 3 scrolls labelled SET RISOOKHLO.
  9287 | D:7      | 9287 ||| READING scroll labelled AHARREY RIYTY.
  9288 | D:7      | 9288 ||| DROPPING 2 scrolls of noise.
  9374 | D:8      | Identified the +3 broad axe of the People {holy, rPois rF-
                  | rCorr Dex+7}
  9376 | D:8      | 9376 ||| SWAPPING to +3 broad axe of the People {holy,
                  | rPois rF- rCorr Dex+7}.
  9382 | D:8      | 9382 ||| Stepping ~*~*~tactically~*~*~ (stealth).
  9416 | D:8      | 9416 ||| Stepping ~*~*~tactically~*~*~ (stealth).
  9422 | D:8      | 9422 ||| Stepping ~*~*~tactically~*~*~ (hiding).
  9430 | D:8      | Noticed a manticore
  9434 | D:8      | 9434 ||| Stepping ~*~*~tactically~*~*~ (stealth).
  9456 | D:8      | 9456 ||| Stepping ~*~*~tactically~*~*~ (stealth).
  9457 | D:8      | 9457 ||| Stepping ~*~*~tactically~*~*~ (stealth).
  9458 | D:8      | 9458 ||| Stepping ~*~*~tactically~*~*~ (stealth).
  9465 | D:8      | 9465 ||| Stepping ~*~*~tactically~*~*~ (stealth).
  9474 | D:8      | HP: 14/64 [manticore (15)]
  9475 | D:8      | 9475 ||| READING 3 scrolls of teleportation.
  9476 | D:8      | 9476 ||| DRINKING 2 potions of heal wounds.
  9477 | D:8      | Killed a manticore
  9478 | D:8      | Reached skill level 3 in Dodging
  9759 | D:8      | 9759 ||| Stepping ~*~*~tactically~*~*~ (hiding).
  9876 | D:8      | 9876 ||| Stepping ~*~*~tactically~*~*~ (stealth).
  9904 | D:8      | Noticed a centaur warrior
  9905 | D:8      | 9905 ||| Stepping ~*~*~tactically~*~*~ (stealth).
  9907 | D:8      | 9907 ||| Stepping ~*~*~tactically~*~*~ (hiding).
  9919 | D:8      | Killed a centaur warrior
 10037 | D:8      | 10037 ||| Stepping ~*~*~tactically~*~*~ (stealth).
 10040 | D:8      | 10040 ||| Stepping ~*~*~tactically~*~*~ (stealth).
 10136 | D:8      | Identified the +3 chain mail "Homycovu" {-Cast Rampage
                  | *Slow Dex+9}
 10310 | D:8      | 10310 ||| Stepping ~*~*~tactically~*~*~ (stealth).
 10481 | D:8      | Found an iron altar of Okawaru.
 10482 | D:8      | 10482 ||| PLANNING OKAWARU WORSHIP
 10482 | D:8      | 10482 ||| UPGRADING to +0 pearl dragon scales.
 10492 | D:8      | 10492 ||| DROPPING +0 chain mail.
 10493 | D:8      | 10493 ||| DROPPING +3 chain mail "Homycovu" {-Cast Rampage
                  | *Slow Dex+9}.
 10494 | D:8      | 10494 ||| READING scroll labelled XUERHIYNTEF.
 10515 | D:8      | Became a worshipper of Warmaster Okawaru
 10516 | D:8      | 10516 ||| PLANNING D:1-11
 10633 | D:8      | 10633 ||| Stepping ~*~*~tactically~*~*~ (stealth).
 10671 | D:9      | Reached XP level 11. HP: 68/68 MP: 11/11
 10727 | D:9      | Noticed a two-headed ogre
 10735 | D:9      | Killed a two-headed ogre
 10735 | D:9      | Reached * piety under Okawaru
 10801 | D:9      | Found a bloodstained altar of Trog.
 10817 | D:9      | 10817 ||| READING scroll of enchant armour.
 10817 | D:9      | 10817 ||| ENCHANTING +0 pearl dragon scales.
 10857 | D:9      | 10857 ||| Stepping ~*~*~tactically~*~*~ (stealth).
 10859 | D:9      | 10859 ||| INVOKING Heroism.
 10872 | D:9      | Noticed Harold
 10873 | D:9      | 10873 ||| Stepping ~*~*~tactically~*~*~ (hiding).
 10878 | D:9      | 10878 ||| INVOKING Heroism.
 10887 | D:9      | Killed Harold
 10888 | D:9      | Reached skill level 1 in Invocations
 10923 | D:9      | 10923 ||| FLEEEEING.
 10924 | D:9      | 10924 ||| FLEEEEING.
 10925 | D:9      | 10925 ||| FLEEEEING.
 10926 | D:9      | 10926 ||| FLEEEEING.
 10927 | D:9      | 10927 ||| FLEEEEING.
 10928 | D:9      | 10928 ||| FLEEEEING.
 10932 | D:9      | 10932 ||| FLEEEEING.
 10933 | D:9      | 10933 ||| FLEEEEING.
 10934 | D:9      | 10934 ||| FLEEEEING.
 10937 | D:9      | 10937 ||| FLEEEEING.
 10940 | D:9      | 10940 ||| FLEEEEING.
 10941 | D:9      | 10941 ||| FLEEEEING.
 10942 | D:9      | 10942 ||| FLEEEEING.
 10943 | D:9      | 10943 ||| FLEEEEING.
 10944 | D:9      | 10944 ||| FLEEEEING.
 10945 | D:9      | 10945 ||| FLEEEEING.
 10946 | D:9      | 10946 ||| FLEEEEING.
 10947 | D:9      | 10947 ||| FLEEEEING.
 10948 | D:9      | 10948 ||| FLEEEEING.
 10949 | D:9      | 10949 ||| FLEEEEING.
 11007 | D:9      | 11007 ||| INVOKING Heroism.
 11104 | D:9      | 11104 ||| INVOKING Heroism.
 11476 | D:9      | Reached skill level 3 in Invocations
 11530 | D:9      | 11530 ||| READING 5 scrolls of identify.
 11530 | D:9      | 11530 ||| IDENTIFYING ruby potion
 11531 | D:9      | 11531 ||| DROPPING potion of berserk rage.
 11548 | D:10     | Entered Level 10 of the Dungeon
 11584 | D:10     | 11584 ||| INVOKING Heroism.
 11642 | D:10     | 11642 ||| DROPPING +1 flail of holy wrath.
 11667 | D:10     | Reached skill level 9 in Fighting
 11901 | D:10     | 11901 ||| DROPPING +2 war axe of draining.
 12001 | D:10     | Found a burning altar of Makhleb.
 12108 | D:10     | 12108 ||| DROPPING +2 hat.
 12109 | D:10     | 12109 ||| DROPPING amulet of faith.
 12110 | D:10     | 12110 ||| DROPPING ring of flight.
 12111 | D:10     | 12111 ||| READING 6 scrolls of identify.
 12111 | D:10     | 12111 ||| IDENTIFYING amethyst potion
 12112 | D:10     | 12112 ||| READING 5 scrolls of identify.
 12112 | D:10     | 12112 ||| IDENTIFYING fuming puce potion
 12113 | D:10     | 12113 ||| READING 4 scrolls of identify.
 12113 | D:10     | 12113 ||| IDENTIFYING cyan potion
 12114 | D:10     | 12114 ||| DROPPING potion of brilliance.
 12115 | D:10     | 12115 ||| DROPPING potion of invisibility.
 12189 | D:11     | 12189 ||| Stepping ~*~*~tactically~*~*~ (stealth).
 12191 | D:11     | Reached ** piety under Okawaru
 12192 | D:11     | 12192 ||| INVOKING Heroism.
 12192 | D:11     | Noticed a salamander
 12203 | D:11     | Noticed a manticore
 12204 | D:11     | 12204 ||| Stepping ~*~*~tactically~*~*~ (hiding).
 12210 | D:11     | Killed a manticore
 12280 | D:11     | 12280 ||| INVOKING Heroism.
 12424 | D:11     | Reached skill level 12 in Axes
 12473 | D:11     | 12473 ||| INVOKING Heroism.
 12518 | D:11     | Noticed Nergalle
 12519 | D:11     | 12519 ||| INVOKING Heroism.
 12521 | D:11     | Killed Nergalle
 12522 | D:11     | Reached skill level 6 in Shields
 12546 | D:11     | Found a staircase to the Lair.
 12573 | D:11     | Noticed a manticore
 12574 | D:11     | 12574 ||| INVOKING Heroism.
 12595 | D:11     | Reached *** piety under Okawaru
 12596 | D:11     | 12596 ||| INVOKING Heroism.
 12600 | D:11     | Noticed a purple ugly thing
 12607 | D:11     | Killed a manticore
 12608 | D:11     | Reached skill level 9 in Armour
 12614 | D:11     | Noticed a two-headed ogre
 12614 | D:11     | Killed a purple ugly thing
 12619 | D:11     | Killed a two-headed ogre
 12620 | D:11     | Reached XP level 12. HP: 42/76 MP: 15/15
 12621 | D:11     | Reached **** piety under Okawaru
 12624 | D:11     | 12624 ||| INVOKING Heroism.
 12693 | D:11     | 12693 ||| FLEEEEING.
 12694 | D:11     | 12694 ||| FLEEEEING.
 12695 | D:11     | 12695 ||| FLEEEEING.
 12696 | D:11     | 12696 ||| FLEEEEING.
 12697 | D:11     | 12697 ||| FLEEEEING.
 12698 | D:11     | 12698 ||| FLEEEEING.
 12795 | D:11     | Noticed a centaur warrior
 12796 | D:11     | 12796 ||| Stepping ~*~*~tactically~*~*~ (stealth).
 12797 | D:11     | 12797 ||| Stepping ~*~*~tactically~*~*~ (stealth).
 12807 | D:11     | 12807 ||| INVOKING Heroism.
 12811 | D:11     | Killed a centaur warrior
 12946 | D:11     | 12946 ||| FLEEEEING.
 12949 | D:11     | 12949 ||| STAIRDANCE
 13024 | D:11     | 13024 ||| Stepping ~*~*~tactically~*~*~ (stealth).
 13032 | D:11     | 13032 ||| Stepping ~*~*~tactically~*~*~ (stealth).
 13033 | D:11     | 13033 ||| Stepping ~*~*~tactically~*~*~ (stealth).
 13034 | D:11     | 13034 ||| Stepping ~*~*~tactically~*~*~ (stealth).
 13048 | D:11     | 13048 ||| FLEEEEING.
 13049 | D:11     | 13049 ||| FLEEEEING.
 13050 | D:11     | 13050 ||| FLEEEEING.
 13051 | D:11     | 13051 ||| FLEEEEING.
 13052 | D:11     | 13052 ||| FLEEEEING.
 13053 | D:11     | 13053 ||| FLEEEEING.
 13054 | D:11     | 13054 ||| FLEEEEING.
 13055 | D:11     | 13055 ||| FLEEEEING.
 13056 | D:11     | 13056 ||| STAIRDANCE
 13130 | D:11     | 13130 ||| STAIRDANCE
 13204 | D:11     | Found a staircase to the Orcish Mines.
 13211 | D:11     | 13211 ||| INVOKING Heroism.
 13226 | D:11     | Noticed Lodul
 13227 | D:11     | 13227 ||| Stepping ~*~*~tactically~*~*~ (hiding).
 13242 | D:11     | 13242 ||| INVOKING Heroism.
 13243 | D:11     | Killed Lodul
 13243 | D:11     | Reached ***** piety under Okawaru
 13244 | D:11     | Reached skill level 6 in Invocations
 13379 | D:11     | 13379 ||| INVOKING Heroism.
 13401 | D:11     | 13401 ||| Stepping ~*~*~tactically~*~*~ (stealth).
 13421 | D:11     | 13421 ||| Stepping ~*~*~tactically~*~*~ (stealth).
 13424 | D:11     | 13424 ||| INVOKING Heroism.
 13429 | D:11     | Received a gift from Okawaru
 13453 | D:11     | 13453 ||| INVOKING Heroism.
 13461 | D:11     | 13461 ||| Stepping ~*~*~tactically~*~*~ (stealth).
 13487 | D:11     | 13487 ||| Stepping ~*~*~tactically~*~*~ (stealth).
 13489 | D:11     | 13489 ||| Stepping ~*~*~tactically~*~*~ (stealth).
 13490 | D:11     | 13490 ||| INVOKING Heroism.
 13618 | D:11     | 13618 ||| Stepping ~*~*~tactically~*~*~ (stealth).
 13619 | D:11     | 13619 ||| Stepping ~*~*~tactically~*~*~ (stealth).
 13628 | D:11     | Noticed a boulder beetle
 13629 | D:11     | 13629 ||| Stepping ~*~*~tactically~*~*~ (stealth).
 13630 | D:11     | 13630 ||| Stepping ~*~*~tactically~*~*~ (stealth).
 13632 | D:11     | 13632 ||| Stepping ~*~*~tactically~*~*~ (stealth).
 13634 | D:11     | 13634 ||| INVOKING Heroism.
 13636 | D:11     | 13636 ||| INVOKING Finesse.
 13647 | D:11     | Killed a boulder beetle
 13712 | D:11     | 13712 ||| Stepping ~*~*~tactically~*~*~ (hiding).
 13717 | D:11     | 13717 ||| Stepping ~*~*~tactically~*~*~ (hiding).
 13739 | D:11     | Noticed an ice dragon
 13740 | D:11     | 13740 ||| Stepping ~*~*~tactically~*~*~ (hiding).
 13745 | D:11     | 13745 ||| INVOKING Heroism.
 13746 | D:11     | 13746 ||| INVOKING Finesse.
 13760 | D:11     | Killed an ice dragon
 13794 | D:11     | Noticed a boulder beetle
 13795 | D:11     | 13795 ||| INVOKING Heroism.
 13796 | D:11     | 13796 ||| INVOKING Finesse.
 13805 | D:11     | Killed a boulder beetle
 13832 | D:11     | Noticed a two-headed ogre
 13833 | D:11     | 13833 ||| Stepping ~*~*~tactically~*~*~ (stealth).
 13837 | D:11     | 13837 ||| INVOKING Heroism.
 13841 | D:11     | Killed a two-headed ogre
 14031 | D:11     | 14031 ||| Stepping ~*~*~tactically~*~*~ (hiding).
 14288 | D:11     | 14288 ||| PLANNING LAIR
 14288 | D:11     | 14288 ||| DROPPING +1 cloak.
 14289 | D:11     | 14289 ||| UPGRADING to +2 plate armour of willpower.
 14332 | Lair:1   | Entered Level 1 of the Lair of Beasts
 14354 | Lair:1   | 14354 ||| INVOKING Heroism.
 14457 | Lair:1   | Reached XP level 13. HP: 64/82 MP: 19/19
 14467 | Lair:1   | 14467 ||| Stepping ~*~*~tactically~*~*~ (stealth).
 14719 | Lair:1   | 14719 ||| INVOKING Heroism.
 14726 | Lair:1   | Reached skill level 9 in Invocations
 14847 | Lair:1   | 14847 ||| Stepping ~*~*~tactically~*~*~ (hiding).
 14971 | Lair:1   | 14971 ||| INVOKING Heroism.
 15065 | Lair:1   | 15065 ||| Stepping ~*~*~tactically~*~*~ (stealth).
 15066 | Lair:1   | 15066 ||| Stepping ~*~*~tactically~*~*~ (stealth).
 15068 | Lair:1   | 15068 ||| Stepping ~*~*~tactically~*~*~ (stealth).
 15069 | Lair:1   | 15069 ||| INVOKING Heroism.
 15324 | Lair:1   | 15324 ||| INVOKING Heroism.
 15728 | Lair:1   | 15728 ||| READING scroll labelled PIMNAM SOCHILI.
 15728 | Lair:1   | Identified a scroll of acquirement
 15728 | Lair:1   | 15728 ||| ACQUIRING +1 pair of boots of Kaqex {Dex+4}
 15728 | Lair:1   | Acquired the +1 pair of boots of Kaqex {Dex+4}
 15730 | Lair:1   | 15730 ||| UPGRADING to +1 pair of boots of Kaqex {Dex+4}.
 15740 | Lair:1   | 15740 ||| DROPPING +1 pair of boots.
 15783 | Lair:2   | 15783 ||| Stepping ~*~*~tactically~*~*~ (stealth).
 15788 | Lair:2   | 15788 ||| Stepping ~*~*~tactically~*~*~ (stealth).
 15955 | Lair:2   | 15955 ||| INVOKING Heroism.
 15981 | Lair:2   | 15981 ||| Stepping ~*~*~tactically~*~*~ (stealth).
 15988 | Lair:2   | 15988 ||| Stepping ~*~*~tactically~*~*~ (stealth).
 16023 | Lair:2   | 16023 ||| Stepping ~*~*~tactically~*~*~ (stealth).
 16026 | Lair:2   | 16026 ||| Stepping ~*~*~tactically~*~*~ (stealth).
 16034 | Lair:2   | Found a hole to the Spider Nest.
 16041 | Lair:2   | 16041 ||| Stepping ~*~*~tactically~*~*~ (stealth).
 16042 | Lair:2   | 16042 ||| Stepping ~*~*~tactically~*~*~ (stealth).
 16044 | Lair:2   | 16044 ||| Stepping ~*~*~tactically~*~*~ (stealth).
 16091 | Lair:2   | 16091 ||| Stepping ~*~*~tactically~*~*~ (stealth).
 16179 | Lair:2   | 16179 ||| INVOKING Heroism.
 16295 | Lair:2   | 16295 ||| INVOKING Heroism.
 16315 | Lair:2   | Received a gift from Okawaru
 16398 | Lair:2   | 16398 ||| INVOKING Heroism.
 16399 | Lair:2   | 16399 ||| SWAPPING to +0 war axe of flaming.
 16404 | Lair:2   | 16404 ||| SWAPPING to +3 broad axe of the People {holy,
                  | rPois rF- rCorr Dex+7}.
 16511 | Lair:2   | 16511 ||| Stepping ~*~*~tactically~*~*~ (stealth).
 16513 | Lair:2   | 16513 ||| INVOKING Heroism.
 16716 | Lair:2   | 16716 ||| Stepping ~*~*~tactically~*~*~ (hiding).
 16803 | Lair:2   | 16803 ||| Stepping ~*~*~tactically~*~*~ (hiding).
 16809 | Lair:2   | 16809 ||| INVOKING Heroism.
 16810 | Lair:2   | 16810 ||| INVOKING Finesse.
 16834 | Lair:2   | 16834 ||| Stepping ~*~*~tactically~*~*~ (stealth).
 17078 | Lair:3   | 17078 ||| INVOKING Heroism.
 17079 | Lair:3   | 17079 ||| INVOKING Finesse.
 17086 | Lair:3   | Received a gift from Okawaru
 17111 | Lair:3   | Reached ****** piety under Okawaru
 17112 | Lair:3   | Reached skill level 7 in Shields
 17139 | Lair:3   | Found a staircase to the Swamp.
 17160 | Lair:3   | 17160 ||| Stepping ~*~*~tactically~*~*~ (stealth).
 17162 | Lair:3   | 17162 ||| INVOKING Heroism.
 17166 | Lair:3   | Identified the +3 broad axe of Kenwykk {antimagic, *Noise
                  | Fly Int+2 Dex+2} (Okawaru gifted it to you on level 3 of
                  | the Lair of Beasts)
 17166 | Lair:3   | Received a gift from Okawaru
 17177 | Lair:3   | 17177 ||| SWAPPING to +3 broad axe of Kenwykk {antimagic,
                  | *Noise Fly Int+2 Dex+2}.
 17178 | Lair:3   | 17178 ||| DROPPING +3 war axe of electrocution.
 17243 | Lair:3   | 17243 ||| INVOKING Heroism.
 17344 | Lair:3   | 17344 ||| INVOKING Heroism.
 17430 | Lair:3   | 17430 ||| INVOKING Heroism.
 17441 | Lair:3   | 17441 ||| INVOKING Finesse.
 17451 | Lair:3   | Gained mutation: Your large and strong wings let you fly.
                  | [Gargoyle growth]
 17451 | Lair:3   | Reached XP level 14. HP: 75/90 MP: 0/21
 17464 | Lair:3   | 17464 ||| SWAPPING to +0 war axe of flaming.
 17471 | Lair:3   | 17471 ||| SWAPPING to +3 broad axe of Kenwykk {antimagic,
                  | *Noise Fly Int+2 Dex+2}.
 17504 | Lair:3   | 17504 ||| INVOKING Heroism.
 17963 | Lair:3   | 17963 ||| INVOKING Heroism.
 17964 | Lair:3   | 17964 ||| INVOKING Finesse.
 17965 | Lair:3   | 17965 ||| Stepping ~*~*~tactically~*~*~ (stealth).
 17968 | Lair:3   | 17968 ||| Stepping ~*~*~tactically~*~*~ (stealth).
 18435 | Lair:3   | 18435 ||| READING scroll labelled EROYGG FELL.
 18466 | Lair:4   | 18466 ||| INVOKING Heroism.
 18467 | Lair:4   | 18467 ||| INVOKING Finesse.
 18471 | Lair:4   | 18471 ||| SWAPPING to +0 war axe of flaming.
 18475 | Lair:4   | Identified the +1 pair of gloves "Vojofagg" {Int+3}
                  | (Okawaru gifted it to you on level 4 of the Lair of Beasts)
 18475 | Lair:4   | Received a gift from Okawaru
 18476 | Lair:4   | 18476 ||| SWAPPING to +3 broad axe of Kenwykk {antimagic,
                  | *Noise Fly Int+2 Dex+2}.
 18558 | Lair:4   | 18558 ||| INVOKING Heroism.
 18559 | Lair:4   | 18559 ||| INVOKING Finesse.
 18561 | Lair:4   | 18561 ||| SWAPPING to +0 war axe of flaming.
 18569 | Lair:4   | 18569 ||| SWAPPING to +3 broad axe of Kenwykk {antimagic,
                  | *Noise Fly Int+2 Dex+2}.
 18751 | Lair:4   | 18751 ||| INVOKING Heroism.
 18759 | Lair:4   | Reached skill level 15 in Axes
 18904 | Lair:4   | 18904 ||| Stepping ~*~*~tactically~*~*~ (stealth).
 18909 | Lair:4   | 18909 ||| INVOKING Heroism.
 18910 | Lair:4   | 18910 ||| SWAPPING to +0 war axe of flaming.
 18919 | Lair:4   | 18919 ||| SWAPPING to +3 broad axe of Kenwykk {antimagic,
                  | *Noise Fly Int+2 Dex+2}.
 18953 | Lair:4   | 18953 ||| Stepping ~*~*~tactically~*~*~ (stealth).
 19020 | Lair:4   | 19020 ||| INVOKING Heroism.
 19264 | Lair:4   | 19264 ||| INVOKING Heroism.
 19265 | Lair:4   | 19265 ||| INVOKING Finesse.
 19270 | Lair:4   | 19270 ||| SWAPPING to +0 war axe of flaming.
 19276 | Lair:4   | 19276 ||| SWAPPING to +3 broad axe of Kenwykk {antimagic,
                  | *Noise Fly Int+2 Dex+2}.
 19401 | Lair:4   | 19401 ||| INVOKING Heroism.
 19407 | Lair:4   | Reached skill level 12 in Fighting
 19733 | Lair:4   | 19733 ||| INVOKING Heroism.
 19734 | Lair:4   | 19734 ||| INVOKING Finesse.
 19735 | Lair:4   | 19735 ||| SWAPPING to +0 war axe of flaming.
 19744 | Lair:4   | 19744 ||| SWAPPING to +3 broad axe of Kenwykk {antimagic,
                  | *Noise Fly Int+2 Dex+2}.
 19766 | Lair:4   | 19766 ||| Stepping ~*~*~tactically~*~*~ (stealth).
 19891 | Lair:4   | 19891 ||| Stepping ~*~*~tactically~*~*~ (hiding).
 19894 | Lair:4   | 19894 ||| INVOKING Heroism.
 19895 | Lair:4   | 19895 ||| INVOKING Finesse.
 19899 | Lair:4   | 19899 ||| SWAPPING to +0 war axe of flaming.
 19910 | Lair:4   | 19910 ||| SWAPPING to +3 broad axe of Kenwykk {antimagic,
                  | *Noise Fly Int+2 Dex+2}.
 20238 | Lair:4   | 20238 ||| UPGRADING to +1 pair of gloves "Vojofagg"
                  | {Int+3}.
 20248 | Lair:4   | 20248 ||| DROPPING +0 pair of gloves.
 20282 | Lair:5   | Entered Level 5 of the Lair of Beasts
 20282 | Lair:5   | Found a viscous altar of Jiyva.
 20282 | Lair:5   | Found a staircase to the Slime Pits.
 20298 | Lair:5   | 20298 ||| STAIRDANCE
 20418 | Lair:5   | 20418 ||| STAIRDANCE
 20432 | Lair:5   | 20432 ||| STAIRDANCE
 20504 | Lair:5   | 20504 ||| STAIRDANCE
 20752 | Lair:5   | 20752 ||| INVOKING Heroism.
 20754 | Lair:5   | 20754 ||| Stepping ~*~*~tactically~*~*~ (stealth).
 20755 | Lair:5   | 20755 ||| Stepping ~*~*~tactically~*~*~ (stealth).
 20764 | Lair:5   | Reached XP level 15. HP: 96/96 MP: 6/22
 20787 | Lair:5   | Reached skill level 8 in Shields
 20811 | Lair:5   | 20811 ||| INVOKING Heroism.
 20857 | Lair:5   | 20857 ||| INVOKING Heroism.
 20980 | Lair:5   | 20980 ||| INVOKING Heroism.
 20994 | Lair:5   | Identified the -1 pair of gloves "Fomoqubb" {rN+} (Okawaru
                  | gifted it to you on level 5 of the Lair of Beasts)
 20994 | Lair:5   | Received a gift from Okawaru
 20995 | Lair:5   | Reached skill level 12 in Armour
 21228 | Lair:5   | 21228 ||| INVOKING Heroism.
 21316 | Lair:5   | 21316 ||| Stepping ~*~*~tactically~*~*~ (stealth).
 21331 | Lair:5   | 21331 ||| Stepping ~*~*~tactically~*~*~ (stealth).
 21348 | Lair:5   | 21348 ||| Stepping ~*~*~tactically~*~*~ (stealth).
 21349 | Lair:5   | 21349 ||| Stepping ~*~*~tactically~*~*~ (stealth).
 21363 | Lair:5   | 21363 ||| Stepping ~*~*~tactically~*~*~ (stealth).
 21364 | Lair:5   | 21364 ||| Stepping ~*~*~tactically~*~*~ (stealth).
 21365 | Lair:5   | 21365 ||| Stepping ~*~*~tactically~*~*~ (stealth).
 21388 | Lair:5   | 21388 ||| Stepping ~*~*~tactically~*~*~ (stealth).
 21392 | Lair:5   | 21392 ||| INVOKING Heroism.
 21406 | Lair:5   | 21406 ||| Stepping ~*~*~tactically~*~*~ (hiding).
 21422 | Lair:5   | 21422 ||| Stepping ~*~*~tactically~*~*~ (stealth).
 21424 | Lair:5   | 21424 ||| Stepping ~*~*~tactically~*~*~ (stealth).
 21460 | Lair:5   | 21460 ||| Stepping ~*~*~tactically~*~*~ (stealth).
 21461 | Lair:5   | 21461 ||| Stepping ~*~*~tactically~*~*~ (stealth).
 21464 | Lair:5   | 21464 ||| Stepping ~*~*~tactically~*~*~ (stealth).
 21480 | Lair:5   | 21480 ||| Stepping ~*~*~tactically~*~*~ (hiding).
 21496 | Lair:5   | 21496 ||| Stepping ~*~*~tactically~*~*~ (stealth).
 21499 | Lair:5   | 21499 ||| Stepping ~*~*~tactically~*~*~ (stealth).
 21502 | Lair:5   | 21502 ||| Stepping ~*~*~tactically~*~*~ (hiding).
 21617 | Lair:5   | 21617 ||| INVOKING Heroism.
 21661 | Lair:5   | 21661 ||| Stepping ~*~*~tactically~*~*~ (stealth).
 21669 | Lair:5   | 21669 ||| Stepping ~*~*~tactically~*~*~ (hiding).
 21673 | Lair:5   | 21673 ||| INVOKING Heroism.
 21687 | Lair:5   | Reached skill level 6 in Throwing
 21691 | Lair:5   | 21691 ||| Stepping ~*~*~tactically~*~*~ (stealth).
 21692 | Lair:5   | 21692 ||| Stepping ~*~*~tactically~*~*~ (stealth).
 21776 | Lair:5   | 21776 ||| Stepping ~*~*~tactically~*~*~ (stealth).
 21779 | Lair:5   | 21779 ||| INVOKING Heroism.
 21848 | Lair:5   | 21848 ||| Stepping ~*~*~tactically~*~*~ (stealth).
 21868 | Lair:5   | 21868 ||| INVOKING Heroism.
 22046 | Lair:5   | 22046 ||| READING scroll of enchant armour.
 22046 | Lair:5   | 22046 ||| ENCHANTING +0 helmet.
 22066 | Lair:5   | 22066 ||| READING scroll of enchant armour.
 22066 | Lair:5   | 22066 ||| ENCHANTING +1 helmet.
 22132 | Lair:5   | Identified the ring "Zinud" {rCorr AC+4 Dex+3}
 22240 | Lair:5   | 22240 ||| Stepping ~*~*~tactically~*~*~ (stealth).
 22242 | Lair:5   | 22242 ||| INVOKING Heroism.
 22332 | Lair:5   | 22332 ||| READING scroll of acquirement.
 22332 | Lair:5   | 22332 ||| ACQUIRING 599 gold pieces
 22332 | Lair:5   | Acquired 599 gold pieces
 22376 | Lair:5   | 22376 ||| PLANNING D
 22376 | Lair:5   | 22376 ||| DROPPING -1 pair of gloves "Fomoqubb" {rN+}.
 22377 | Lair:5   | 22377 ||| UPGRADING to +0 tower shield.
 22387 | Lair:5   | 22387 ||| DROPPING +0 buckler.
 22388 | Lair:5   | 22388 ||| DROPPING ring of positive energy.
 22389 | Lair:5   | 22389 ||| DROPPING ring of willpower.
 22390 | Lair:5   | 22390 ||| UPGRADING to ring "Zinud" {rCorr AC+4 Dex+3}.
 22392 | Lair:5   | 22392 ||| DRINKING 2 green potions.
 22538 | D:12     | 22538 ||| Stepping ~*~*~tactically~*~*~ (stealth).
 22539 | D:12     | 22539 ||| Stepping ~*~*~tactically~*~*~ (stealth).
 22544 | D:12     | 22544 ||| INVOKING Heroism.
 22750 | D:12     | 22750 ||| INVOKING Heroism.
 22764 | D:12     | Received a gift from Okawaru
 22765 | D:12     | Reached skill level 9 in Shields
 22847 | D:12     | Identified the +11 quarterstaff "Vatedi Yloig" {venom,
                  | *Noise rCorr MP+9 Str+4}
 22947 | D:12     | 22947 ||| INVOKING Heroism.
 22952 | D:12     | 22952 ||| READING 9 scrolls of teleportation.
 22956 | D:12     | 22956 ||| READING 8 scrolls of teleportation.
 23128 | D:12     | 23128 ||| Stepping ~*~*~tactically~*~*~ (stealth).
 23133 | D:12     | 23133 ||| Stepping ~*~*~tactically~*~*~ (stealth).
 23134 | D:12     | 23134 ||| Stepping ~*~*~tactically~*~*~ (stealth).
 23142 | D:12     | 23142 ||| INVOKING Heroism.
 23143 | D:12     | 23143 ||| READING 7 scrolls of teleportation.
 23392 | D:12     | Received a gift from Okawaru
 23394 | D:12     | 23394 ||| DROPPING +2 vorpal broad axe.
 23431 | D:12     | 23431 ||| Stepping ~*~*~tactically~*~*~ (stealth).
 23439 | D:12     | 23439 ||| INVOKING Heroism.
 23490 | D:12     | 23490 ||| Stepping ~*~*~tactically~*~*~ (hiding).
 23491 | D:12     | 23491 ||| Stepping ~*~*~tactically~*~*~ (hiding).
 23571 | D:12     | 23571 ||| READING scroll labelled JUHYEV GEC WUSCH.
 23688 | D:13     | 23688 ||| STAIRDANCE
 23702 | D:13     | 23702 ||| STAIRDANCE
 23748 | D:13     | 23748 ||| STAIRDANCE
 23759 | D:13     | 23759 ||| STAIRDANCE
 23852 | D:13     | Reached skill level 10 in Shields
 23852 | D:13     | 23852 ||| STAIRDANCE
 23952 | D:13     | Noticed Kirke
 23953 | D:13     | 23953 ||| INVOKING Heroism.
 23954 | D:13     | 23954 ||| INVOKING Finesse.
 23960 | D:13     | Killed Kirke
 24053 | D:13     | 24053 ||| INVOKING Heroism.
 24054 | D:13     | 24054 ||| INVOKING Finesse.
 24059 | D:13     | 24059 ||| SWAPPING to +0 war axe of flaming.
 24064 | D:13     | 24064 ||| SWAPPING to +3 broad axe of Kenwykk {antimagic,
                  | *Noise Fly Int+2 Dex+2}.
 24146 | D:13     | 24146 ||| Stepping ~*~*~tactically~*~*~ (hiding).
 24147 | D:13     | 24147 ||| Stepping ~*~*~tactically~*~*~ (hiding).
 24154 | D:13     | Found a gate to the Vaults.
 24158 | D:13     | Reached XP level 16. HP: 101/101 MP: 7/23
 24166 | D:13     | 24166 ||| Stepping ~*~*~tactically~*~*~ (hiding).
 24228 | D:13     | Reached skill level 11 in Shields
 24231 | D:13     | Identified the +3 leather armour "Toisurimn" {rF+ rC- rN+
                  | Str+3}
 24484 | D:13     | 24484 ||| UPGRADING to +4 ring of protection.
 24486 | D:13     | 24486 ||| DROPPING +6 ring of strength.
 24787 | D:14     | Found Woagozed's Distillery.
 24796 | D:14     | 24796 ||| Stepping ~*~*~tactically~*~*~ (hiding).
 24801 | D:14     | 24801 ||| INVOKING Heroism.
 24896 | D:14     | 24896 ||| BUYING potion of cancellation (136 gold).
 24896 | D:14     | Bought a potion of cancellation for 136 gold pieces
 24896 | D:14     | 24896 ||| BUYING potion of curing (51 gold).
 24896 | D:14     | Bought a potion of curing for 51 gold pieces
 24896 | D:14     | 24896 ||| BUYING potion of curing (51 gold).
 24896 | D:14     | Bought a potion of curing for 51 gold pieces
 24896 | D:14     | 24896 ||| BUYING potion of curing (51 gold).
 24896 | D:14     | Bought a potion of curing for 51 gold pieces
 24896 | D:14     | 24896 ||| BUYING potion of heal wounds (85 gold).
 24896 | D:14     | Bought a potion of heal wounds for 85 gold pieces
 24896 | D:14     | 24896 ||| BUYING potion of heal wounds (85 gold).
 24896 | D:14     | Bought a potion of heal wounds for 85 gold pieces
 24896 | D:14     | 24896 ||| BUYING potion of heal wounds (85 gold).
 24896 | D:14     | Bought a potion of heal wounds for 85 gold pieces
 24896 | D:14     | 24896 ||| BUYING potion of might (68 gold).
 24896 | D:14     | Bought a potion of might for 68 gold pieces
 24896 | D:14     | 24896 ||| BUYING potion of resistance (170 gold).
 24896 | D:14     | Bought a potion of resistance for 170 gold pieces
 25026 | D:14     | 25026 ||| Stepping ~*~*~tactically~*~*~ (stealth).
 25027 | D:14     | 25027 ||| Stepping ~*~*~tactically~*~*~ (stealth).
 25029 | D:14     | 25029 ||| Stepping ~*~*~tactically~*~*~ (stealth).
 25032 | D:14     | 25032 ||| INVOKING Heroism.
 25055 | D:14     | 25055 ||| FLEEEEING.
 25056 | D:14     | 25056 ||| FLEEEEING.
 25057 | D:14     | 25057 ||| FLEEEEING.
 25058 | D:14     | 25058 ||| FLEEEEING.
 25060 | D:14     | 25060 ||| FLEEEEING.
 25061 | D:14     | 25061 ||| FLEEEEING.
 25062 | D:14     | 25062 ||| FLEEEEING.
 25063 | D:14     | 25063 ||| FLEEEEING.
 25064 | D:14     | 25064 ||| FLEEEEING.
 25065 | D:14     | 25065 ||| FLEEEEING.
 25066 | D:14     | 25066 ||| FLEEEEING.
 25067 | D:14     | 25067 ||| FLEEEEING.
 25068 | D:14     | 25068 ||| FLEEEEING.
 25069 | D:14     | 25069 ||| FLEEEEING.
 25070 | D:14     | 25070 ||| FLEEEEING.
 25071 | D:14     | 25071 ||| FLEEEEING.
 25072 | D:14     | 25072 ||| FLEEEEING.
 25073 | D:14     | 25073 ||| FLEEEEING.
 25074 | D:14     | 25074 ||| FLEEEEING.
 25080 | D:14     | 25080 ||| INVOKING Heroism.
 25396 | D:14     | 25396 ||| Stepping ~*~*~tactically~*~*~ (stealth).
 25398 | D:14     | 25398 ||| Stepping ~*~*~tactically~*~*~ (stealth).
 25406 | D:14     | 25406 ||| INVOKING Heroism.
 25610 | D:14     | 25610 ||| Stepping ~*~*~tactically~*~*~ (stealth).
 25620 | D:14     | 25620 ||| INVOKING Heroism.
 25622 | D:14     | Reached skill level 12 in Shields
 25780 | D:15     | Entered Level 15 of the Dungeon
 25813 | D:15     | 25813 ||| INVOKING Heroism.
 25814 | D:15     | 25814 ||| Stepping ~*~*~tactically~*~*~ (hiding).
 25815 | D:15     | 25815 ||| Stepping ~*~*~tactically~*~*~ (hiding).
 25819 | D:15     | Received a gift from Okawaru
 25836 | D:15     | 25836 ||| Stepping ~*~*~tactically~*~*~ (stealth).
 25837 | D:15     | 25837 ||| INVOKING Heroism.
 25838 | D:15     | 25838 ||| INVOKING Finesse.
 25848 | D:15     | 25848 ||| Stepping ~*~*~tactically~*~*~ (hiding).
 25875 | D:15     | 25875 ||| INVOKING Heroism.
 25970 | D:15     | 25970 ||| Stepping ~*~*~tactically~*~*~ (stealth).
 25975 | D:15     | 25975 ||| Stepping ~*~*~tactically~*~*~ (stealth).
 25977 | D:15     | 25977 ||| INVOKING Heroism.
 25994 | D:15     | Reached skill level 13 in Shields
 26094 | D:15     | 26094 ||| INVOKING Heroism.
 26095 | D:15     | 26095 ||| SWAPPING to +0 war axe of flaming.
 26100 | D:15     | 26100 ||| SWAPPING to +3 broad axe of Kenwykk {antimagic,
                  | *Noise Fly Int+2 Dex+2}.
 26111 | D:15     | Found a snail-covered altar of Cheibriados.
 26216 | D:15     | 26216 ||| READING scroll of enchant armour.
 26216 | D:15     | 26216 ||| ENCHANTING +2 plate armour of willpower.
 26223 | D:15     | 26223 ||| Stepping ~*~*~tactically~*~*~ (stealth).
 26225 | D:15     | 26225 ||| Stepping ~*~*~tactically~*~*~ (hiding).
 26226 | D:15     | 26226 ||| Stepping ~*~*~tactically~*~*~ (hiding).
 26312 | D:15     | Found a shadowy altar of Dithmenos.
 26337 | D:15     | 26337 ||| INVOKING Heroism.
 26356 | D:15     | Received a gift from Okawaru
 26364 | D:15     | 26364 ||| DROPPING +0 war axe of flaming.
 26385 | D:15     | Found a staircase to the Depths.
 26471 | D:15     | 26471 ||| Stepping ~*~*~tactically~*~*~ (stealth).
 26473 | D:15     | 26473 ||| Stepping ~*~*~tactically~*~*~ (stealth).
 26496 | D:15     | 26496 ||| INVOKING Heroism.
 26523 | D:15     | Reached skill level 14 in Shields
 26523 | D:15     | HP: 21/101 [meliai/divine providence (9)]
 26524 | D:15     | 26524 ||| READING 8 scrolls of teleportation.
 26525 | D:15     | 26525 ||| DRINKING 6 potions of heal wounds.
 26526 | D:15     | 26526 ||| DRINKING 5 potions of heal wounds.
 26783 | D:15     | 26783 ||| INVOKING Heroism.
 27046 | D:15     | Found Deitt's Jewellery Shop.
 27056 | D:15     | 27056 ||| BUYING ring of resist corrosion (380 gold).
 27056 | D:15     | Bought a ring of resist corrosion for 380 gold pieces
 27057 | D:15     | 27057 ||| Stepping ~*~*~tactically~*~*~ (stealth).
 27059 | D:15     | 27059 ||| INVOKING Heroism.
 27098 | D:15     | 27098 ||| Stepping ~*~*~tactically~*~*~ (stealth).
 27100 | D:15     | 27100 ||| Stepping ~*~*~tactically~*~*~ (hiding).
 27101 | D:15     | 27101 ||| Stepping ~*~*~tactically~*~*~ (hiding).
 27219 | D:15     | 27219 ||| INVOKING Heroism.
 27224 | D:15     | 27224 ||| Stepping ~*~*~tactically~*~*~ (stealth).
 27226 | D:15     | 27226 ||| Stepping ~*~*~tactically~*~*~ (stealth).
 27283 | D:15     | 27283 ||| PLANNING ORC
 27283 | D:15     | 27283 ||| UPGRADING to amulet of regeneration.
 27400 | Orc:1    | Entered Level 1 of the Orcish Mines
 27401 | Orc:1    | 27401 ||| INVOKING Heroism.
 27453 | Orc:1    | 27453 ||| INVOKING Heroism.
 27541 | Orc:1    | 27541 ||| Stepping ~*~*~tactically~*~*~ (stealth).
 27543 | Orc:1    | 27543 ||| Stepping ~*~*~tactically~*~*~ (hiding).
 27693 | Orc:1    | You are sucked into a shaft and drop 1 floor!
 27693 | Orc:2    | Entered Level 2 of the Orcish Mines
 27696 | Orc:2    | 27696 ||| INVOKING Heroism.
 27698 | Orc:2    | 27698 ||| INVOKING Finesse.
 27870 | Orc:2    | Found a staircase to the Elven Halls.
 27962 | Orc:1    | 27962 ||| INVOKING Heroism.
 27963 | Orc:1    | 27963 ||| INVOKING Finesse.
 27974 | Orc:1    | Reached skill level 15 in Shields
 27980 | Orc:1    | Received a gift from Okawaru
 28115 | Orc:1    | Found Yhesih's Magic Scroll Shoppe.
 28123 | Orc:1    | 28123 ||| BUYING scroll of enchant armour (97 gold).
 28123 | Orc:1    | Bought a scroll of enchant armour for 97 gold pieces
 28123 | Orc:1    | 28123 ||| BUYING scroll of teleportation (39 gold).
 28123 | Orc:1    | Bought a scroll of teleportation for 39 gold pieces
 28123 | Orc:1    | 28123 ||| READING scroll of enchant armour.
 28123 | Orc:1    | 28123 ||| ENCHANTING +3 plate armour of willpower.
 28141 | Orc:1    | 28141 ||| INVOKING Heroism.
 28143 | Orc:1    | 28143 ||| Stepping ~*~*~tactically~*~*~ (stealth).
 28212 | Orc:1    | 28212 ||| INVOKING Heroism.
 28253 | Orc:1    | 28253 ||| INVOKING Heroism.
 28367 | Orc:1    | 28367 ||| INVOKING Heroism.
 28369 | Orc:1    | 28369 ||| INVOKING Finesse.
 28481 | Orc:1    | Identified the +4 glaive of the Big Bang {spect, rPois
                  | Will+ Str+4}
 28486 | Orc:1    | Identified the +0 trident "Zitikhlamme" {protect, +Blink
                  | rN+ Int+3}
 28490 | Orc:1    | Identified the +2 trident of Ifaischas {venom, rCorr}
 28766 | Orc:1    | 28766 ||| DROPPING +1 pearl dragon scales.
 28767 | Orc:1    | 28767 ||| DROPPING amulet of magic regeneration.
 28768 | Orc:1    | 28768 ||| DROPPING +6 ring of dexterity.
 28782 | Orc:2    | Found a runed translucent gate.
 28782 | Orc:2    | Found a runed translucent gate.
 28782 | Orc:2    | Found an opulent altar of Gozag.
 28782 | Orc:2    | Found a runed translucent gate.
 28796 | Orc:2    | Reached skill level 16 in Shields
 28923 | Orc:2    | 28923 ||| INVOKING Heroism.
 28951 | Orc:2    | Found Nuowk's Distillery.
 28952 | Orc:2    | Found Qocoe's Magic Scroll Emporium.
 28961 | Orc:2    | Reached XP level 17. HP: 77/106 MP: 8/24
 28980 | Orc:2    | 28980 ||| Stepping ~*~*~tactically~*~*~ (stealth).
 29015 | Orc:2    | 29015 ||| BUYING potion of curing (33 gold).
 29015 | Orc:2    | Bought a potion of curing for 33 gold pieces
 29015 | Orc:2    | 29015 ||| BUYING potion of curing (33 gold).
 29015 | Orc:2    | Bought a potion of curing for 33 gold pieces
 29015 | Orc:2    | 29015 ||| BUYING potion of curing (33 gold).
 29015 | Orc:2    | Bought a potion of curing for 33 gold pieces
 29015 | Orc:2    | 29015 ||| BUYING potion of haste (110 gold).
 29015 | Orc:2    | Bought a potion of haste for 110 gold pieces
 29015 | Orc:2    | 29015 ||| BUYING potion of heal wounds (55 gold).
 29015 | Orc:2    | Bought a potion of heal wounds for 55 gold pieces
 29015 | Orc:2    | 29015 ||| BUYING potion of mutation (88 gold).
 29015 | Orc:2    | Bought a potion of mutation for 88 gold pieces
 29015 | Orc:2    | 29015 ||| BUYING potion of mutation (88 gold).
 29015 | Orc:2    | Bought a potion of mutation for 88 gold pieces
 29017 | Orc:2    | 29017 ||| BUYING scroll of enchant armour (112 gold).
 29017 | Orc:2    | Bought a scroll of enchant armour for 112 gold pieces
 29017 | Orc:2    | 29017 ||| BUYING scroll of teleportation (45 gold).
 29017 | Orc:2    | Bought a scroll of teleportation for 45 gold pieces
 29017 | Orc:2    | 29017 ||| READING scroll of enchant armour.
 29017 | Orc:2    | 29017 ||| ENCHANTING +4 plate armour of willpower.
 29037 | Orc:2    | 29037 ||| Stepping ~*~*~tactically~*~*~ (hiding).
 29042 | Orc:2    | 29042 ||| INVOKING Heroism.
 29077 | Orc:2    | Identified the +1 scale mail of the Trees {+Blink Str+3}
                  | (Okawaru gifted it to you on level 2 of the Orcish Mines)
 29077 | Orc:2    | Received a gift from Okawaru
 29119 | Orc:2    | 29119 ||| INVOKING Heroism.
 29157 | Orc:2    | 29157 ||| INVOKING Heroism.
 29169 | Orc:2    | 29169 ||| Stepping ~*~*~tactically~*~*~ (hiding).
 29192 | Orc:2    | 29192 ||| Stepping ~*~*~tactically~*~*~ (hiding).
 29241 | Orc:2    | Found Saniarch's Book Boutique.
 29241 | Orc:2    | Found Dogor's Antique Armour Shop.
 29242 | Orc:2    | Found a one-way gate leading to the halls of Pandemonium.
 29253 | Orc:2    | Reached skill level 17 in Shields
 29271 | Orc:2    | 29271 ||| DROPPING +5 plate armour of ponderousness.
 29274 | Orc:2    | 29274 ||| BUYING runed scarf (216 gold).
 29274 | Orc:2    | Bought a runed scarf for 216 gold pieces
 29274 | Orc:2    | 29274 ||| BUYING shiny plate armour (702 gold).
 29274 | Orc:2    | Bought a shiny plate armour for 702 gold pieces
 29298 | Orc:2    | 29298 ||| Stepping ~*~*~tactically~*~*~ (hiding).
 29731 | Orc:2    | Found Ungon's Assorted Antiques.
 29731 | Orc:2    | Noticed qw's ghost (adept GrFi)
 29732 | Orc:2    | Found Fafergh's Assorted Antiques.
 29734 | Orc:2    | 29734 ||| PLANNING SPIDER:1-3
 29734 | Orc:2    | 29734 ||| DROPPING scarf of shadows.
 29735 | Orc:2    | 29735 ||| DROPPING +4 plate armour of willpower.
 29866 | Spider:1 | Entered Level 1 of the Spider Nest
 29932 | Spider:1 | 29932 ||| Stepping ~*~*~tactically~*~*~ (hiding).
 29993 | Spider:1 | 29993 ||| INVOKING Finesse.
 30000 | Spider:1 | 30000 ||| INVOKING Heroism.
 30017 | Spider:1 | 30017 ||| READING 9 scrolls of teleportation.
 30070 | Spider:1 | 30070 ||| Stepping ~*~*~tactically~*~*~ (stealth).
 30072 | Spider:1 | 30072 ||| Stepping ~*~*~tactically~*~*~ (stealth).
 30074 | Spider:1 | 30074 ||| Stepping ~*~*~tactically~*~*~ (stealth).
 30112 | Spider:1 | 30112 ||| Stepping ~*~*~tactically~*~*~ (hiding).
 30115 | Spider:1 | 30115 ||| INVOKING Finesse.
 30126 | Spider:1 | 30126 ||| Stepping ~*~*~tactically~*~*~ (hiding).
 30128 | Spider:1 | 30128 ||| Stepping ~*~*~tactically~*~*~ (hiding).
 30254 | Spider:1 | 30254 ||| Stepping ~*~*~tactically~*~*~ (hiding).
 30256 | Spider:1 | 30256 ||| Stepping ~*~*~tactically~*~*~ (hiding).
 30259 | Spider:1 | 30259 ||| INVOKING Finesse.
 30337 | Spider:1 | You are sucked into a shaft and drop 1 floor!
 30480 | Spider:2 | 30480 ||| Stepping ~*~*~tactically~*~*~ (stealth).
 30504 | Spider:2 | 30504 ||| Stepping ~*~*~tactically~*~*~ (stealth).
 30600 | Spider:2 | 30600 ||| Stepping ~*~*~tactically~*~*~ (hiding).
 30612 | Spider:2 | 30612 ||| INVOKING Heroism.
 30675 | Spider:2 | 30675 ||| Stepping ~*~*~tactically~*~*~ (stealth).
 30677 | Spider:2 | 30677 ||| Stepping ~*~*~tactically~*~*~ (stealth).
 30721 | Spider:2 | 30721 ||| INVOKING Heroism.
 30818 | Spider:1 | 30818 ||| INVOKING Heroism.
 30863 | Spider:1 | 30863 ||| Stepping ~*~*~tactically~*~*~ (stealth).
 30864 | Spider:1 | 30864 ||| Stepping ~*~*~tactically~*~*~ (stealth).
 30915 | Spider:1 | 30915 ||| Stepping ~*~*~tactically~*~*~ (hiding).
 30916 | Spider:1 | 30916 ||| Stepping ~*~*~tactically~*~*~ (hiding).
 30925 | Spider:1 | 30925 ||| INVOKING Heroism.
 30960 | Spider:1 | 30960 ||| Stepping ~*~*~tactically~*~*~ (stealth).
 31152 | Spider:1 | 31152 ||| INVOKING Finesse.
 31203 | Spider:1 | 31203 ||| DRINKING 13 potions of curing.
 31203 | Spider:1 | 31203 ||| (to cure confusion)
 31304 | Spider:2 | 31304 ||| INVOKING Finesse.
 31405 | Spider:2 | 31405 ||| Stepping ~*~*~tactically~*~*~ (hiding).
 31460 | Spider:2 | 31460 ||| INVOKING Heroism.
 31553 | Spider:2 | Received a gift from Okawaru
 31641 | Spider:2 | 31641 ||| Stepping ~*~*~tactically~*~*~ (stealth).
 31653 | Spider:2 | 31653 ||| FLEEEEING.
 31654 | Spider:2 | 31654 ||| Stepping ~*~*~tactically~*~*~ (stealth).
 31715 | Spider:2 | 31715 ||| FLEEEEING.
 31901 | Spider:2 | 31901 ||| Stepping ~*~*~tactically~*~*~ (hiding).
 31904 | Spider:2 | 31904 ||| Stepping ~*~*~tactically~*~*~ (stealth).
 31906 | Spider:2 | 31906 ||| INVOKING Finesse.
 31919 | Spider:2 | 31919 ||| INVOKING Heroism.
 31945 | Spider:2 | 31945 ||| Stepping ~*~*~tactically~*~*~ (hiding).
 32021 | Spider:2 | 32021 ||| INVOKING Heroism.
 32063 | Spider:2 | 32063 ||| Stepping ~*~*~tactically~*~*~ (stealth).
 32065 | Spider:2 | 32065 ||| INVOKING Heroism.
 32112 | Spider:2 | 32112 ||| INVOKING Finesse.
 32113 | Spider:2 | 32113 ||| INVOKING Heroism.
 32303 | Spider:2 | 32303 ||| INVOKING Heroism.
 32314 | Spider:2 | Reached XP level 18. HP: 73/114 MP: 7/25
 32352 | Spider:2 | 32352 ||| DROPPING +0 broad axe of flaming.
 32532 | Spider:3 | 32532 ||| Stepping ~*~*~tactically~*~*~ (stealth).
 32533 | Spider:3 | 32533 ||| INVOKING Heroism.
 32574 | Spider:3 | 32574 ||| Stepping ~*~*~tactically~*~*~ (stealth).
 32576 | Spider:3 | 32576 ||| Stepping ~*~*~tactically~*~*~ (stealth).
 32578 | Spider:3 | 32578 ||| Stepping ~*~*~tactically~*~*~ (stealth).
 32591 | Spider:3 | 32591 ||| INVOKING Heroism.
 32595 | Spider:3 | Reached skill level 18 in Axes
 32702 | Spider:3 | 32702 ||| Stepping ~*~*~tactically~*~*~ (stealth).
 32708 | Spider:3 | 32708 ||| INVOKING Heroism.
 32712 | Spider:3 | 32712 ||| Stepping ~*~*~tactically~*~*~ (hiding).
 32720 | Spider:3 | 32720 ||| Stepping ~*~*~tactically~*~*~ (stealth).
 32721 | Spider:3 | 32721 ||| Stepping ~*~*~tactically~*~*~ (stealth).
 32750 | Spider:3 | 32750 ||| Stepping ~*~*~tactically~*~*~ (stealth).
 32762 | Spider:3 | Received a gift from Okawaru
 32765 | Spider:3 | 32765 ||| Stepping ~*~*~tactically~*~*~ (stealth).
 32797 | Spider:3 | 32797 ||| Stepping ~*~*~tactically~*~*~ (stealth).
 32798 | Spider:3 | 32798 ||| Stepping ~*~*~tactically~*~*~ (stealth).
 32800 | Spider:3 | 32800 ||| Stepping ~*~*~tactically~*~*~ (stealth).
 32809 | Spider:3 | 32809 ||| Stepping ~*~*~tactically~*~*~ (stealth).
 32813 | Spider:3 | 32813 ||| Stepping ~*~*~tactically~*~*~ (stealth).
 32830 | Spider:3 | 32830 ||| READING 8 scrolls of teleportation.
 32971 | Spider:3 | 32971 ||| INVOKING Heroism.
 33111 | Spider:3 | 33111 ||| READING 7 scrolls of teleportation.
 33115 | Spider:3 | 33115 ||| READING 6 scrolls of teleportation.
 33137 | Spider:3 | 33137 ||| READING 5 scrolls of teleportation.
 33192 | Spider:3 | 33192 ||| READING 4 scrolls of teleportation.
 33214 | Spider:3 | 33214 ||| Stepping ~*~*~tactically~*~*~ (stealth).
 33216 | Spider:3 | 33216 ||| Stepping ~*~*~tactically~*~*~ (hiding).
 33222 | Spider:3 | 33222 ||| INVOKING Finesse.
 33228 | Spider:3 | 33228 ||| READING 3 scrolls of teleportation.
 33294 | Spider:3 | 33294 ||| READING 2 scrolls of teleportation.
 33300 | Spider:3 | 33300 ||| READING scroll of teleportation.
 33305 | Spider:3 | 33305 ||| Stepping randomly (stuck).
 33308 | Spider:3 | 33308 ||| Stepping randomly (stuck).
 33309 | Spider:3 | 33309 ||| Stepping randomly (stuck).
 33310 | Spider:3 | 33310 ||| Stepping randomly (stuck).
 33311 | Spider:3 | 33311 ||| Stepping randomly (stuck).
 33312 | Spider:3 | 33312 ||| Stepping randomly (stuck).
 33313 | Spider:3 | 33313 ||| Stepping randomly (stuck).
 33314 | Spider:3 | 33314 ||| Stepping randomly (stuck).
 33315 | Spider:3 | 33315 ||| Stepping randomly (stuck).
 33316 | Spider:3 | 33316 ||| Stepping randomly (stuck).
 33317 | Spider:3 | 33317 ||| Stepping randomly (stuck).
 33318 | Spider:3 | 33318 ||| Stepping randomly (stuck).
 33319 | Spider:3 | 33319 ||| Stepping randomly (stuck).
 33320 | Spider:3 | 33320 ||| Stepping randomly (stuck).
 33321 | Spider:3 | 33321 ||| Stepping randomly (stuck).
 33322 | Spider:3 | 33322 ||| Stepping randomly (stuck).
 33323 | Spider:3 | 33323 ||| Stepping randomly (stuck).
 33324 | Spider:3 | 33324 ||| Stepping randomly (stuck).
 33325 | Spider:3 | 33325 ||| Stepping randomly (stuck).
 33326 | Spider:3 | 33326 ||| Stepping randomly (stuck).
 33327 | Spider:3 | 33327 ||| Stepping randomly (stuck).
 33328 | Spider:3 | 33328 ||| Stepping randomly (stuck).
 33330 | Spider:3 | 33330 ||| Stepping randomly (stuck).
 33332 | Spider:3 | 33332 ||| Stepping randomly (stuck).
 33333 | Spider:3 | 33333 ||| Stepping randomly (stuck).
 33334 | Spider:3 | 33334 ||| Stepping randomly (stuck).
 33335 | Spider:3 | 33335 ||| Stepping randomly (stuck).
 33336 | Spider:3 | 33336 ||| Stepping randomly (stuck).
 33337 | Spider:3 | 33337 ||| Stepping randomly (stuck).
 33338 | Spider:3 | 33338 ||| Stepping randomly (stuck).
 33340 | Spider:3 | 33340 ||| Stepping randomly (stuck).
 33342 | Spider:3 | 33342 ||| Stepping randomly (stuck).
 33343 | Spider:3 | 33343 ||| Stepping randomly (stuck).
 33344 | Spider:3 | 33344 ||| Stepping randomly (stuck).
 33345 | Spider:3 | 33345 ||| Stepping randomly (stuck).
 33346 | Spider:3 | 33346 ||| Stepping randomly (stuck).
 33348 | Spider:3 | 33348 ||| Stepping randomly (stuck).
 33349 | Spider:3 | 33349 ||| Stepping randomly (stuck).
 33350 | Spider:3 | 33350 ||| Stepping randomly (stuck).
 33352 | Spider:3 | 33352 ||| Stepping randomly (stuck).
 33353 | Spider:3 | 33353 ||| Stepping randomly (stuck).
 33355 | Spider:3 | 33355 ||| Stepping randomly (stuck).
 33356 | Spider:3 | 33356 ||| Stepping randomly (stuck).
 33357 | Spider:3 | 33357 ||| Stepping randomly (stuck).
 33358 | Spider:3 | 33358 ||| Stepping randomly (stuck).
 33359 | Spider:3 | 33359 ||| Stepping randomly (stuck).
 33360 | Spider:3 | 33360 ||| Stepping randomly (stuck).
 33361 | Spider:3 | 33361 ||| Stepping randomly (stuck).
 33362 | Spider:3 | 33362 ||| Stepping randomly (stuck).
 33363 | Spider:3 | 33363 ||| Stepping randomly (stuck).
 33364 | Spider:3 | 33364 ||| Stepping randomly (stuck).
 33365 | Spider:3 | 33365 ||| Stepping randomly (stuck).
 33366 | Spider:3 | 33366 ||| Stepping randomly (stuck).
 33367 | Spider:3 | 33367 ||| Stepping randomly (stuck).
 33369 | Spider:3 | 33369 ||| Stepping randomly (stuck).
 33371 | Spider:3 | 33371 ||| Stepping randomly (stuck).
 33373 | Spider:3 | 33373 ||| Stepping randomly (stuck).
 33374 | Spider:3 | 33374 ||| Stepping randomly (stuck).
 33375 | Spider:3 | 33375 ||| Stepping randomly (stuck).
 33377 | Spider:3 | 33377 ||| Stepping randomly (stuck).
 33379 | Spider:3 | 33379 ||| Stepping randomly (stuck).
 33381 | Spider:3 | 33381 ||| Stepping randomly (stuck).
 33383 | Spider:3 | 33383 ||| Stepping randomly (stuck).
 33384 | Spider:3 | 33384 ||| Stepping randomly (stuck).
 33385 | Spider:3 | 33385 ||| Stepping randomly (stuck).
 33386 | Spider:3 | 33386 ||| Stepping randomly (stuck).
 33387 | Spider:3 | 33387 ||| Stepping randomly (stuck).
 33389 | Spider:3 | 33389 ||| Stepping randomly (stuck).
 33391 | Spider:3 | 33391 ||| Stepping randomly (stuck).
 33393 | Spider:3 | 33393 ||| Stepping randomly (stuck).
 33394 | Spider:3 | 33394 ||| Stepping randomly (stuck).
 33395 | Spider:3 | 33395 ||| Stepping randomly (stuck).
 33396 | Spider:3 | 33396 ||| Stepping randomly (stuck).
 33397 | Spider:3 | 33397 ||| Stepping randomly (stuck).
 33398 | Spider:3 | 33398 ||| Stepping randomly (stuck).
 33399 | Spider:3 | 33399 ||| Stepping randomly (stuck).
 33400 | Spider:3 | 33400 ||| Stepping randomly (stuck).
 33401 | Spider:3 | 33401 ||| Stepping randomly (stuck).
 33402 | Spider:3 | 33402 ||| Stepping randomly (stuck).
 33404 | Spider:3 | 33404 ||| Stepping randomly (stuck).
 33405 | Spider:3 | 33405 ||| Stepping randomly (stuck).
 33406 | Spider:3 | 33406 ||| Stepping randomly (stuck).
 33407 | Spider:3 | 33407 ||| Stepping randomly (stuck).
 33408 | Spider:3 | 33408 ||| Stepping randomly (stuck).
 33409 | Spider:3 | 33409 ||| Stepping randomly (stuck).
 33410 | Spider:3 | 33410 ||| Stepping randomly (stuck).
 33411 | Spider:3 | 33411 ||| Stepping randomly (stuck).
 33412 | Spider:3 | 33412 ||| Stepping randomly (stuck).
 33413 | Spider:3 | 33413 ||| Stepping randomly (stuck).
 33414 | Spider:3 | 33414 ||| Stepping randomly (stuck).
 33415 | Spider:3 | 33415 ||| Stepping randomly (stuck).
 33416 | Spider:3 | 33416 ||| Stepping randomly (stuck).
 33417 | Spider:3 | 33417 ||| Stepping randomly (stuck).
 33418 | Spider:3 | 33418 ||| Stepping randomly (stuck).
 33419 | Spider:3 | 33419 ||| Stepping randomly (stuck).
 33420 | Spider:3 | 33420 ||| Stepping randomly (stuck).
 33421 | Spider:3 | 33421 ||| Stepping randomly (stuck).
 33422 | Spider:3 | 33422 ||| Stepping randomly (stuck).
 33423 | Spider:3 | 33423 ||| Stepping randomly (stuck).
 33424 | Spider:3 | 33424 ||| Stepping randomly (stuck).
 33425 | Spider:3 | 33425 ||| Stepping randomly (stuck).
 33426 | Spider:3 | 33426 ||| Stepping randomly (stuck).
 33427 | Spider:3 | 33427 ||| Stepping randomly (stuck).
 33428 | Spider:3 | 33428 ||| Stepping randomly (stuck).
 33429 | Spider:3 | 33429 ||| Stepping randomly (stuck).
 33430 | Spider:3 | 33430 ||| Stepping randomly (stuck).
 33539 | Spider:3 | 33539 ||| PLANNING SWAMP:1-3
 33654 | Swamp:1  | Entered Level 1 of the Swamp
 33657 | Swamp:1  | 33657 ||| INVOKING Heroism.
 33663 | Swamp:1  | Received a gift from Okawaru
 33671 | Swamp:1  | 33671 ||| Stepping ~*~*~tactically~*~*~ (hiding).
 33672 | Swamp:1  | 33672 ||| Stepping ~*~*~tactically~*~*~ (hiding).
 33707 | Swamp:1  | 33707 ||| INVOKING Heroism.
 33752 | Swamp:1  | Reached skill level 18 in Shields
 33761 | Swamp:1  | 33761 ||| INVOKING Heroism.
 33858 | Swamp:1  | 33858 ||| INVOKING Heroism.
 33864 | Swamp:1  | Received a gift from Okawaru
 33903 | Swamp:1  | 33903 ||| Stepping ~*~*~tactically~*~*~ (stealth).
 33906 | Swamp:1  | 33906 ||| Stepping ~*~*~tactically~*~*~ (stealth).
 33980 | Swamp:1  | 33980 ||| Stepping ~*~*~tactically~*~*~ (hiding).
 34306 | Swamp:2  | 34306 ||| INVOKING Heroism.
 34307 | Swamp:2  | 34307 ||| STAIRDANCE
 34374 | Swamp:2  | 34374 ||| Stepping ~*~*~tactically~*~*~ (stealth).
 34376 | Swamp:2  | 34376 ||| Stepping ~*~*~tactically~*~*~ (hiding).
 34378 | Swamp:2  | 34378 ||| INVOKING Heroism.
 34383 | Swamp:2  | Reached skill level 6 in Dodging
 34427 | Swamp:2  | 34427 ||| INVOKING Heroism.
 34468 | Swamp:2  | 34468 ||| INVOKING Heroism.
 34477 | Swamp:2  | 34477 ||| Stepping ~*~*~tactically~*~*~ (stealth).
 34480 | Swamp:2  | 34480 ||| Stepping ~*~*~tactically~*~*~ (stealth).
 34481 | Swamp:2  | 34481 ||| Stepping ~*~*~tactically~*~*~ (stealth).
 34482 | Swamp:2  | 34482 ||| Stepping ~*~*~tactically~*~*~ (stealth).
 34589 | Swamp:2  | 34589 ||| INVOKING Heroism.
 34639 | Swamp:2  | 34639 ||| Stepping ~*~*~tactically~*~*~ (stealth).
 34643 | Swamp:2  | 34643 ||| Stepping ~*~*~tactically~*~*~ (stealth).
 34669 | Swamp:2  | 34669 ||| Stepping ~*~*~tactically~*~*~ (hiding).
 34717 | Swamp:2  | 34717 ||| INVOKING Heroism.
 34723 | Swamp:2  | Received a gift from Okawaru
 34919 | Swamp:2  | 34919 ||| Stepping ~*~*~tactically~*~*~ (hiding).
 35210 | Swamp:3  | 35210 ||| INVOKING Heroism.
 35211 | Swamp:3  | 35211 ||| STAIRDANCE
 35233 | Swamp:3  | 35233 ||| STAIRDANCE
 35254 | Swamp:3  | 35254 ||| STAIRDANCE
 35281 | Swamp:3  | 35281 ||| INVOKING Heroism.
 35305 | Swamp:3  | 35305 ||| Stepping ~*~*~tactically~*~*~ (hiding).
 35306 | Swamp:3  | 35306 ||| Stepping ~*~*~tactically~*~*~ (hiding).
 35309 | Swamp:3  | 35309 ||| INVOKING Heroism.
 35339 | Swamp:3  | 35339 ||| INVOKING Heroism.
 35367 | Swamp:3  | 35367 ||| Stepping ~*~*~tactically~*~*~ (hiding).
 35379 | Swamp:3  | Reached skill level 15 in Fighting
 35485 | Swamp:3  | 35485 ||| Stepping ~*~*~tactically~*~*~ (stealth).
 35550 | Swamp:3  | 35550 ||| INVOKING Heroism.
 35796 | Swamp:3  | 35796 ||| Stepping ~*~*~tactically~*~*~ (stealth).
 35797 | Swamp:3  | 35797 ||| Stepping ~*~*~tactically~*~*~ (stealth).
 35821 | Swamp:3  | 35821 ||| Stepping ~*~*~tactically~*~*~ (hiding).
 35865 | Swamp:3  | 35865 ||| Stepping ~*~*~tactically~*~*~ (stealth).
 35920 | Swamp:3  | 35920 ||| PLANNING SPIDER:4
 35920 | Swamp:3  | 35920 ||| UPGRADING to amulet of reflection.
 35930 | Swamp:3  | 35930 ||| DROPPING amulet of regeneration.
 36079 | Spider:4 | Entered Level 4 of the Spider Nest
 36136 | Spider:4 | 36136 ||| INVOKING Finesse.
 36137 | Spider:4 | 36137 ||| INVOKING Heroism.
 36170 | Spider:4 | Reached XP level 19. HP: 108/124 MP: 3/26
 36201 | Spider:4 | 36201 ||| READING scroll of teleportation.
 36209 | Spider:4 | Reached skill level 15 in Armour
 36292 | Spider:4 | 36292 ||| INVOKING Finesse.
 36314 | Spider:4 | 36314 ||| Stepping ~*~*~tactically~*~*~ (stealth).
 36339 | Spider:4 | 36339 ||| Stepping ~*~*~tactically~*~*~ (stealth).
 36385 | Spider:4 | 36385 ||| Stepping ~*~*~tactically~*~*~ (stealth).
 36399 | Spider:4 | 36399 ||| Stepping ~*~*~tactically~*~*~ (stealth).
 36469 | Spider:4 | 36469 ||| Stepping ~*~*~tactically~*~*~ (stealth).
 36471 | Spider:4 | 36471 ||| INVOKING Heroism.
 36484 | Spider:4 | Received a gift from Okawaru
 36543 | Spider:4 | 36543 ||| Stepping ~*~*~tactically~*~*~ (stealth).
 36668 | Spider:4 | 36668 ||| Stepping ~*~*~tactically~*~*~ (hiding).
 36671 | Spider:4 | 36671 ||| INVOKING Finesse.
 36718 | Spider:4 | 36718 ||| READING scroll of enchant armour.
 36718 | Spider:4 | 36718 ||| ENCHANTING +5 plate armour of willpower.
 36955 | Spider:4 | 36955 ||| INVOKING Heroism.
 37096 | Spider:4 | 37096 ||| INVOKING Heroism.
 37128 | Spider:4 | Got a gossamer rune of Zot
 37148 | Spider:4 | 37148 ||| PLANNING VAULTS:1-4
 37148 | Spider:4 | 37148 ||| DROPPING scarf of invisibility.
 37149 | Spider:4 | 37149 ||| UPGRADING to +0 pair of gloves of dexterity.
 37159 | Spider:4 | 37159 ||| DROPPING +1 pair of gloves "Vojofagg" {Int+3}.
 37160 | Spider:4 | 37160 ||| DROPPING ring of see invisible.
 37335 | Vaults:1 | Entered Level 1 of the Vaults
 37336 | Vaults:1 | 37336 ||| PLANNING WIZLAB
 37508 | Vaults:1 | 37508 ||| INVOKING Heroism.
 37509 | Vaults:1 | Received a gift from Okawaru
 37518 | Vaults:1 | Identified the +1 tower shield of the Gate {rElec Str+2}
                  | (Okawaru gifted it to you on level 1 of the Vaults)
 37518 | Vaults:1 | Received a gift from Okawaru
 37631 | Vaults:1 | 37631 ||| Stepping ~*~*~tactically~*~*~ (stealth).
 37635 | Vaults:1 | 37635 ||| INVOKING Heroism.
 37637 | Vaults:1 | 37637 ||| Stepping ~*~*~tactically~*~*~ (hiding).
 37639 | Vaults:1 | 37639 ||| Stepping ~*~*~tactically~*~*~ (hiding).
 37640 | Vaults:1 | 37640 ||| Stepping ~*~*~tactically~*~*~ (hiding).
 37673 | Vaults:1 | 37673 ||| Stepping ~*~*~tactically~*~*~ (hiding).
 37747 | Vaults:1 | 37747 ||| Stepping ~*~*~tactically~*~*~ (hiding).
 37751 | Vaults:1 | 37751 ||| INVOKING Heroism.
 37752 | Vaults:1 | 37752 ||| Stepping ~*~*~tactically~*~*~ (hiding).
 37757 | Vaults:1 | 37757 ||| INVOKING Finesse.
 37769 | Vaults:1 | Reached skill level 19 in Shields
 37788 | Vaults:1 | 37788 ||| INVOKING Heroism.
 37835 | Vaults:1 | 37835 ||| Stepping ~*~*~tactically~*~*~ (stealth).
 37851 | Vaults:1 | 37851 ||| INVOKING Heroism.
 37926 | Vaults:1 | 37926 ||| Stepping ~*~*~tactically~*~*~ (stealth).
 37930 | Vaults:1 | 37930 ||| INVOKING Heroism.
 37946 | Vaults:1 | 37946 ||| Stepping ~*~*~tactically~*~*~ (hiding).
 37984 | Vaults:1 | 37984 ||| INVOKING Heroism.
 37996 | Vaults:1 | HP: 24/125 [deep troll[an ironbound preserver] (11)]
 37997 | Vaults:1 | 37997 ||| READING scroll of teleportation.
 37998 | Vaults:1 | 37998 ||| DRINKING 7 potions of heal wounds.
 38115 | Vaults:1 | 38115 ||| RIP WIZLAB
 38284 | Vaults:1 | 38284 ||| PLANNING VAULTS:1-4
 38399 | Vaults:1 | 38399 ||| Stepping ~*~*~tactically~*~*~ (hiding).
 38414 | Vaults:1 | 38414 ||| Stepping ~*~*~tactically~*~*~ (hiding).
 38472 | Vaults:1 | 38472 ||| INVOKING Heroism.
 38500 | Vaults:1 | 38500 ||| Stepping ~*~*~tactically~*~*~ (stealth).
 38555 | Vaults:1 | 38555 ||| Stepping ~*~*~tactically~*~*~ (hiding).
 38599 | Vaults:1 | Reached XP level 20. HP: 132/132 MP: 9/27
 38992 | Vaults:1 | Received a gift from Okawaru
 39032 | Vaults:1 | 39032 ||| INVOKING Heroism.
 39285 | Vaults:1 | 39285 ||| UPGRADING to +1 tower shield of the Gate {rElec
                  | Str+2}.
 39295 | Vaults:1 | 39295 ||| DROPPING +1 pair of gloves.
 39296 | Vaults:1 | 39296 ||| DROPPING +0 tower shield.
 39357 | Vaults:2 | Found Keets's Book Boutique.
 39382 | Vaults:2 | 39382 ||| INVOKING Heroism.
 39414 | Vaults:2 | 39414 ||| Stepping ~*~*~tactically~*~*~ (hiding).
 39525 | Vaults:2 | 39525 ||| Stepping ~*~*~tactically~*~*~ (stealth).
 39535 | Vaults:2 | 39535 ||| Stepping ~*~*~tactically~*~*~ (stealth).
 39536 | Vaults:2 | 39536 ||| INVOKING Heroism.
 39575 | Vaults:2 | 39575 ||| Stepping ~*~*~tactically~*~*~ (stealth).
 39579 | Vaults:2 | 39579 ||| INVOKING Heroism.
 39794 | Vaults:2 | 39794 ||| Stepping ~*~*~tactically~*~*~ (hiding).
 39917 | Vaults:2 | 39917 ||| INVOKING Heroism.
 40063 | Vaults:2 | 40063 ||| Stepping ~*~*~tactically~*~*~ (hiding).
 40087 | Vaults:2 | 40087 ||| Stepping ~*~*~tactically~*~*~ (hiding).
 40088 | Vaults:2 | 40088 ||| Stepping ~*~*~tactically~*~*~ (hiding).
 40093 | Vaults:2 | 40093 ||| Stepping ~*~*~tactically~*~*~ (hiding).
 40098 | Vaults:2 | 40098 ||| INVOKING Heroism.
 40142 | Vaults:2 | 40142 ||| FLEEEEING.
 40250 | Vaults:2 | 40250 ||| FLEEEEING.
 40251 | Vaults:2 | 40251 ||| FLEEEEING.
 40252 | Vaults:2 | 40252 ||| FLEEEEING.
 40253 | Vaults:2 | 40253 ||| FLEEEEING.
 40254 | Vaults:2 | 40254 ||| FLEEEEING.
 40368 | Vaults:2 | 40368 ||| Stepping ~*~*~tactically~*~*~ (hiding).
 40487 | Vaults:2 | Identified the +1 ring mail of Compassion {Str+3}
 40495 | Vaults:2 | 40495 ||| INVOKING Heroism.
 40504 | Vaults:2 | Received a gift from Okawaru
 40664 | Vaults:2 | 40664 ||| FLEEEEING.
 40681 | Vaults:2 | 40681 ||| FLEEEEING.
 40682 | Vaults:2 | 40682 ||| Stepping ~*~*~tactically~*~*~ (hiding).
 40685 | Vaults:2 | 40685 ||| FLEEEEING.
 40686 | Vaults:2 | 40686 ||| FLEEEEING.
 40693 | Vaults:2 | Paralysed by a sphinx for 4 turns
 41001 | Vaults:2 | 41001 ||| INVOKING Heroism.
 41180 | Vaults:2 | 41180 ||| Stepping ~*~*~tactically~*~*~ (stealth).
 41183 | Vaults:2 | 41183 ||| Stepping ~*~*~tactically~*~*~ (stealth).
 41295 | Vaults:3 | 41295 ||| Stepping ~*~*~tactically~*~*~ (hiding).
 41296 | Vaults:3 | 41296 ||| Stepping ~*~*~tactically~*~*~ (hiding).
 41336 | Vaults:3 | 41336 ||| INVOKING Heroism.
 41378 | Vaults:3 | Reached skill level 9 in Dodging
 41632 | Vaults:3 | 41632 ||| INVOKING Heroism.
 41697 | Vaults:3 | 41697 ||| Stepping ~*~*~tactically~*~*~ (stealth).
 41724 | Vaults:3 | 41724 ||| INVOKING Heroism.
 41768 | Vaults:3 | 41768 ||| Stepping ~*~*~tactically~*~*~ (stealth).
 41777 | Vaults:3 | 41777 ||| Stepping ~*~*~tactically~*~*~ (stealth).
 41779 | Vaults:3 | 41779 ||| Stepping ~*~*~tactically~*~*~ (stealth).
 41833 | Vaults:3 | 41833 ||| FLEEEEING.
 41834 | Vaults:3 | 41834 ||| FLEEEEING.
 41835 | Vaults:3 | 41835 ||| FLEEEEING.
 41837 | Vaults:3 | 41837 ||| FLEEEEING.
 41838 | Vaults:3 | 41838 ||| FLEEEEING.
 41936 | Vaults:3 | 41936 ||| INVOKING Heroism.
 42053 | Vaults:3 | 42053 ||| INVOKING Heroism.
 42054 | Vaults:3 | 42054 ||| Stepping ~*~*~tactically~*~*~ (hiding).
 42060 | Vaults:3 | 42060 ||| Stepping ~*~*~tactically~*~*~ (hiding).
 42081 | Vaults:3 | Received a gift from Okawaru
 42082 | Vaults:3 | Reached skill level 18 in Fighting
 42200 | Vaults:3 | 42200 ||| INVOKING Heroism.
 42478 | Vaults:3 | 42478 ||| INVOKING Heroism.
 42481 | Vaults:3 | Received a gift from Okawaru
 42788 | Vaults:3 | 42788 ||| INVOKING Heroism.
 42798 | Vaults:3 | 42798 ||| Stepping ~*~*~tactically~*~*~ (hiding).
 42828 | Vaults:3 | 42828 ||| Stepping ~*~*~tactically~*~*~ (hiding).
 42834 | Vaults:3 | Reached XP level 21. HP: 141/141 MP: 9/28
 42934 | Vaults:3 | 42934 ||| INVOKING Heroism.
 43043 | Vaults:3 | 43043 ||| Stepping ~*~*~tactically~*~*~ (stealth).
 43057 | Vaults:3 | 43057 ||| INVOKING Heroism.
 43326 | Vaults:3 | 43326 ||| Stepping ~*~*~tactically~*~*~ (hiding).
 43327 | Vaults:3 | 43327 ||| Stepping ~*~*~tactically~*~*~ (hiding).
 43342 | Vaults:3 | 43342 ||| INVOKING Heroism.
 43582 | Vaults:3 | Found a staircase to the Crypt.
 43769 | Vaults:3 | 43769 ||| FLEEEEING.
 43770 | Vaults:3 | 43770 ||| FLEEEEING.
 43771 | Vaults:3 | 43771 ||| FLEEEEING.
 43772 | Vaults:3 | 43772 ||| FLEEEEING.
 43773 | Vaults:3 | 43773 ||| FLEEEEING.
 43774 | Vaults:3 | 43774 ||| FLEEEEING.
 43775 | Vaults:3 | 43775 ||| FLEEEEING.
 43776 | Vaults:3 | 43776 ||| FLEEEEING.
 43777 | Vaults:3 | 43777 ||| FLEEEEING.
 43778 | Vaults:3 | 43778 ||| FLEEEEING.
 43779 | Vaults:3 | 43779 ||| FLEEEEING.
 43780 | Vaults:3 | 43780 ||| FLEEEEING.
 43781 | Vaults:3 | 43781 ||| FLEEEEING.
 43786 | Vaults:3 | 43786 ||| FLEEEEING.
 43794 | Vaults:3 | 43794 ||| FLEEEEING.
 43795 | Vaults:3 | 43795 ||| FLEEEEING.
 43796 | Vaults:3 | 43796 ||| FLEEEEING.
 43797 | Vaults:3 | 43797 ||| FLEEEEING.
 43798 | Vaults:3 | 43798 ||| FLEEEEING.
 43799 | Vaults:3 | 43799 ||| FLEEEEING.
 43800 | Vaults:3 | 43800 ||| FLEEEEING.
 43801 | Vaults:3 | 43801 ||| FLEEEEING.
 43802 | Vaults:3 | 43802 ||| FLEEEEING.
 43803 | Vaults:3 | 43803 ||| FLEEEEING.
 43804 | Vaults:3 | 43804 ||| FLEEEEING.
 43805 | Vaults:3 | 43805 ||| FLEEEEING.
 43806 | Vaults:3 | 43806 ||| FLEEEEING.
 43813 | Vaults:3 | 43813 ||| FLEEEEING.
 43814 | Vaults:3 | 43814 ||| FLEEEEING.
 43837 | Vaults:3 | 43837 ||| FLEEEEING.
 44054 | Vaults:3 | 44054 ||| Stepping ~*~*~tactically~*~*~ (hiding).
 44055 | Vaults:3 | 44055 ||| FLEEEEING.
 44056 | Vaults:3 | 44056 ||| FLEEEEING.
 44058 | Vaults:3 | 44058 ||| INVOKING Heroism.
 44110 | Vaults:3 | 44110 ||| FLEEEEING.
 44111 | Vaults:3 | 44111 ||| FLEEEEING.
 44115 | Vaults:3 | 44115 ||| FLEEEEING.
 44116 | Vaults:3 | 44116 ||| FLEEEEING.
 44117 | Vaults:3 | 44117 ||| FLEEEEING.
 44118 | Vaults:3 | 44118 ||| FLEEEEING.
 44119 | Vaults:3 | 44119 ||| FLEEEEING.
 44120 | Vaults:3 | 44120 ||| FLEEEEING.
 44121 | Vaults:3 | 44121 ||| FLEEEEING.
 44122 | Vaults:3 | 44122 ||| FLEEEEING.
 44123 | Vaults:3 | 44123 ||| FLEEEEING.
 44124 | Vaults:3 | 44124 ||| FLEEEEING.
 44125 | Vaults:3 | 44125 ||| FLEEEEING.
 44126 | Vaults:3 | 44126 ||| FLEEEEING.
 44127 | Vaults:3 | 44127 ||| FLEEEEING.
 44128 | Vaults:3 | 44128 ||| FLEEEEING.
 44129 | Vaults:3 | 44129 ||| FLEEEEING.
 44130 | Vaults:3 | 44130 ||| FLEEEEING.
 44131 | Vaults:3 | 44131 ||| FLEEEEING.
 44132 | Vaults:3 | 44132 ||| FLEEEEING.
 44133 | Vaults:3 | 44133 ||| FLEEEEING.
 44134 | Vaults:3 | 44134 ||| FLEEEEING.
 44135 | Vaults:3 | 44135 ||| FLEEEEING.
 44136 | Vaults:3 | 44136 ||| FLEEEEING.
 44137 | Vaults:3 | 44137 ||| FLEEEEING.
 44138 | Vaults:3 | 44138 ||| FLEEEEING.
 44139 | Vaults:3 | 44139 ||| FLEEEEING.
 44140 | Vaults:3 | 44140 ||| FLEEEEING.
 44141 | Vaults:3 | 44141 ||| FLEEEEING.
 44144 | Vaults:3 | 44144 ||| FLEEEEING.
 44145 | Vaults:3 | 44145 ||| FLEEEEING.
 44146 | Vaults:3 | 44146 ||| FLEEEEING.
 44147 | Vaults:3 | 44147 ||| FLEEEEING.
 44150 | Vaults:3 | 44150 ||| FLEEEEING.
 44151 | Vaults:3 | 44151 ||| FLEEEEING.
 44152 | Vaults:3 | 44152 ||| FLEEEEING.
 44153 | Vaults:3 | 44153 ||| FLEEEEING.
 44154 | Vaults:3 | 44154 ||| FLEEEEING.
 44155 | Vaults:3 | 44155 ||| FLEEEEING.
 44156 | Vaults:3 | 44156 ||| FLEEEEING.
 44158 | Vaults:3 | 44158 ||| STAIRDANCE
 44238 | Vaults:3 | Received a gift from Okawaru
 44248 | Vaults:3 | 44248 ||| Stepping ~*~*~tactically~*~*~ (stealth).
 44615 | Vaults:4 | 44615 ||| INVOKING Heroism.
 44616 | Vaults:4 | HP: 16/141 [crystal guardian[a peacekeeper] (31)]
 44617 | Vaults:4 | 44617 ||| READING 2 scrolls of teleportation.
 44618 | Vaults:4 | 44618 ||| DRINKING 6 potions of heal wounds.
 44633 | Vaults:4 | Received a gift from Okawaru
 44667 | Vaults:4 | 44667 ||| INVOKING Heroism.
 44669 | Vaults:4 | HP: 35/141 [deep troll[an ironbound preserver] (5)]
 44670 | Vaults:4 | 44670 ||| READING scroll of teleportation.
 44671 | Vaults:4 | 44671 ||| DRINKING 5 potions of heal wounds.
 44684 | Vaults:4 | 44684 ||| Stepping ~*~*~tactically~*~*~ (hiding).
 44688 | Vaults:4 | 44688 ||| INVOKING Heroism.
 44695 | Vaults:4 | Reached skill level 18 in Armour
 44714 | Vaults:4 | Reached skill level 20 in Shields
 45053 | Vaults:4 | 45053 ||| INVOKING Heroism.
 45349 | Vaults:4 | Identified the +2 quarterstaff "Gargoyle's Foe" {antimagic,
                  | rCorr}
 45359 | Vaults:4 | Received a gift from Okawaru
 45425 | Vaults:4 | 45425 ||| Stepping ~*~*~tactically~*~*~ (stealth).
 45504 | Vaults:4 | Found Tame's Distillery.
 45512 | Vaults:4 | 45512 ||| BUYING potion of attraction (57 gold).
 45512 | Vaults:4 | Bought a potion of attraction for 57 gold pieces
 45512 | Vaults:4 | 45512 ||| BUYING potion of cancellation (152 gold).
 45512 | Vaults:4 | Bought a potion of cancellation for 152 gold pieces
 45512 | Vaults:4 | 45512 ||| BUYING potion of cancellation (152 gold).
 45512 | Vaults:4 | Bought a potion of cancellation for 152 gold pieces
 45512 | Vaults:4 | 45512 ||| BUYING potion of curing (57 gold).
 45512 | Vaults:4 | Bought a potion of curing for 57 gold pieces
 45512 | Vaults:4 | 45512 ||| BUYING potion of curing (57 gold).
 45512 | Vaults:4 | Bought a potion of curing for 57 gold pieces
 45512 | Vaults:4 | 45512 ||| BUYING potion of might (76 gold).
 45512 | Vaults:4 | Bought a potion of might for 76 gold pieces
 45524 | Vaults:4 | 45524 ||| FLEEEEING.
 45526 | Vaults:4 | 45526 ||| FLEEEEING.
 45527 | Vaults:4 | 45527 ||| STAIRDANCE
 45631 | Vaults:4 | 45631 ||| STAIRDANCE
 45703 | Vaults:4 | 45703 ||| Stepping ~*~*~tactically~*~*~ (hiding).
 45706 | Vaults:4 | 45706 ||| Stepping ~*~*~tactically~*~*~ (hiding).
 45836 | Vaults:4 | 45836 ||| INVOKING Heroism.
 45998 | Vaults:4 | 45998 ||| Stepping ~*~*~tactically~*~*~ (stealth).
 46068 | Vaults:4 | 46068 ||| Stepping ~*~*~tactically~*~*~ (stealth).
 46079 | Vaults:4 | 46079 ||| Stepping ~*~*~tactically~*~*~ (stealth).
 46081 | Vaults:4 | 46081 ||| Stepping ~*~*~tactically~*~*~ (stealth).
 46083 | Vaults:4 | 46083 ||| Stepping ~*~*~tactically~*~*~ (stealth).
 46104 | Vaults:4 | Reached skill level 9 in Throwing
 46465 | Vaults:4 | 46465 ||| PLANNING SWAMP:4
 46781 | Swamp:4  | Entered Level 4 of the Swamp
 46790 | Swamp:4  | 46790 ||| INVOKING Heroism.
 46861 | Swamp:4  | 46861 ||| INVOKING Heroism.
 46908 | Swamp:4  | 46908 ||| Stepping ~*~*~tactically~*~*~ (stealth).
 46909 | Swamp:4  | 46909 ||| FLEEEEING.
 46911 | Swamp:4  | 46911 ||| FLEEEEING.
 46912 | Swamp:4  | 46912 ||| FLEEEEING.
 46913 | Swamp:4  | 46913 ||| STAIRDANCE
 47072 | Swamp:4  | 47072 ||| STAIRDANCE
 47173 | Swamp:4  | 47173 ||| Stepping ~*~*~tactically~*~*~ (stealth).
 47197 | Swamp:4  | 47197 ||| INVOKING Heroism.
 47218 | Swamp:4  | Received a gift from Okawaru
 47219 | Swamp:4  | 47219 ||| FLEEEEING.
 47220 | Swamp:4  | 47220 ||| FLEEEEING.
 47221 | Swamp:4  | 47221 ||| FLEEEEING.
 47222 | Swamp:4  | 47222 ||| FLEEEEING.
 47223 | Swamp:4  | 47223 ||| STAIRDANCE
 47480 | Swamp:4  | 47480 ||| STAIRDANCE
 47546 | Swamp:4  | 47546 ||| Stepping ~*~*~tactically~*~*~ (stealth).
 47547 | Swamp:4  | 47547 ||| Stepping ~*~*~tactically~*~*~ (stealth).
 47823 | Swamp:4  | 47823 ||| READING scroll of enchant armour.
 47823 | Swamp:4  | 47823 ||| ENCHANTING +0 pair of gloves of dexterity.
 47833 | Swamp:4  | Noticed the 27-headed Lernaean hydra
 47843 | Swamp:4  | Killed the 26-headed Lernaean hydra
 47886 | Swamp:4  | Got a decaying rune of Zot
 48289 | Swamp:4  | 48289 ||| PLANNING DEPTHS
 48469 | Depths:1 | Entered Level 1 of the Depths
 48471 | Depths:1 | 48471 ||| INVOKING Heroism.
 48472 | Depths:1 | 48472 ||| INVOKING Finesse.
 48498 | Depths:1 | Reached XP level 22. HP: 68/149 MP: 3/29
 48502 | Depths:1 | Paralysed by a floating eye for 4 turns
 48503 | Depths:1 | HP: 27/149 [deep troll earth mage (18)]
 48503 | Depths:1 | HP: 8/149 [deep troll earth mage (19)]
 48503 | Depths:1 | Slain by a deep troll shaman

Levels and vault maps discovered:
D:1:      sevenhm_arrival_forest_fort_small_5, layout_rooms,
          shapermc_ecumenical_altar_venn
D:2:      kennysheep_the_goblin_king, layout_loops_corners,
          reono_crystal_passage
D:3:      layout_basic, lemuel_tele_altar, kennysheep_generic_room_8
D:4:      layout_basic, nicolae_gozag_cash_rules_everything_around_me,
          minmay_temple_entry_trees, serial_aquarium, aquarium_bridge_straight
          [aquarium_subvault_bridge, aquarium_subvault_wall,
          aquarium_subvault_bridge, aquarium_subvault_wall],
          aquarium_bridge_square [aquarium_subvault_wall,
          aquarium_subvault_bridge, aquarium_subvault_bridge,
          aquarium_subvault_window], aquarium_window_1, aquarium_window_2,
          aquarium_window_fake, aquarium_view_4, aquarium_view_2a, uniq_sigmund
D:5:      layout_gridville, evilmike_ruin_ashenzari, uniq_grinder, uniq_pikel,
          uniq_prince_ribbit1, uniq_ijyb
D:6:      layout_gridville, lemuel_zombie_altar_kikubaaqudgha,
          mainiacjoe_overflow_surrounded_room, dk_yredelemnul_ordeal,
          serial_glass, glass_columns_a, glass_columns_a, glass_columns_b,
          glass_columns_a, mrwooster_statue_mirror
D:7:      minmay_chambers_of_sevens, layout_basic,
          grunt_temple_overflow_order_and_chaos_1, nicolae_tso_besieged_by_evil
D:8:      layout_loops_ring, okawaru_humans, minmay_diamond_spiral
D:9:      layout_loops_ring, bloody_trog, uniq_harold
D:10:     layout_big_octagon, lemuel_crystal_altar
D:11:     minmay_the_grid_plus_closed [minmay_the_grid_spin_star,
          minmay_the_grid_tiny_cups, minmay_the_grid_minigrid_medium,
          minmay_the_grid_dragon_a, minmay_the_grid_prize_big_room],
          layout_rooms, orc_0_dummy, special_room [special_room_bee],
          portal_ice_cave_entry_pillars_2, uniq_lodul, uniq_nergalle
D:12:     layout_roguey
D:13:     layout_cave_pools, david_vaults_1, uniq_kirke
D:14:     layout_roguey, minmay_misc_feat_pillars, serial_shops,
          nicolae_shop_stone
D:15:     hangedman_depths_entry_civil_slaughter, layout_irregular_city,
          serial_shops, shop, hangedman_feature_mirror
Temple:   hellmonk_temple_micro_hex
Lair:1:   layout_gridlike, special_room, serial_bayou_shore_a
Lair:2:   layout_regular_city, nicolae_spider_entry_non_spiders,
          lemuel_fruit_tree, grunt_megastairs_3
Lair:3:   layout_layer_cave, swamp_mist
Lair:4:   nzn_winding_woodlands_stair_cross
          [nzn_winding_woodlands_5x15_concentric,
          nzn_winding_woodlands_center_triple_pond,
          nzn_winding_woodlands_5x15_default, nzn_winding_woodlands_5x5_default,
          nzn_winding_woodlands_5x5_default,
          nzn_winding_woodlands_5x15_longhouse,
          nzn_winding_woodlands_center_diamonds,
          nzn_winding_woodlands_5x15_cabin], layout_cellular_growth,
          grunt_megastairs_5
Lair:5:   hangedman_lair_tendril_chambers, layout_big_grid,
          hangedman_lair_caniforms_friends, slime_entry_1, serial_bayou_shore_b
Swamp:1:  layout_basic_swamp, infiniplex_staircase_pool, swamp_pool3
Swamp:2:  layout_basic_swamp, evilmike_swamp_ruin_wall, swamp_pool3
Swamp:3:  layout_basic_swamp, nicolae_swamp_treefoil
Swamp:4:  grunt_swamp_rune_castle, layout_basic_swamp
Spider:1: cheibrodos_forgotten_conduit, drop_trap, hangedman_spider_trapstep
Spider:2: nicolae_spider_hilbert_zone_2 [nicolae_spider_hilbert_4_sides_1_open,
          nicolae_spider_hilbert_4_sides_1_open,
          nicolae_spider_hilbert_4_sides_1_open,
          nicolae_spider_hilbert_4_sides_1_open,
          nicolae_spider_hilbert_6_sides_1_open,
          nicolae_spider_hilbert_6_sides_1_open,
          nicolae_spider_hilbert_3_sides_1_open,
          nicolae_spider_hilbert_3_sides_1_open,
          nicolae_spider_hilbert_3_sides_1_open,
          nicolae_spider_hilbert_3_sides_1_open,
          nicolae_spider_hilbert_6_sides_1_open,
          nicolae_spider_hilbert_6_sides_1_open,
          nicolae_spider_hilbert_6_sides_1_open,
          nicolae_spider_hilbert_6_sides_1_open]
Spider:3: layout_spider_delve, einodemon_crawler_minivault
Spider:4: spider_rune_water, nicolae_spider_shape
Orc:1:    giant_chief_lemuel, layout_caves, serial_shops, shop,
          hellmonk_bongcloud_opening
Orc:2:    pf_orc_diabolical, layout_diamond_mine, ebering_ghost_gozag
Vaults:1: infiniplex_enter_wizlab_glasses, v_misc_26, hangedman_vaults_hat,
          vaults_room_semicircle, nicolae_vaults_alarming,
          grunt_vaults_hallway_long, hangedman_vaults_slither,
          ontoclasm_vaults_chip, vaults_mumra_minichess,
          ontoclasm_vaults_ring_small, ontoclasm_vaults_idyll,
          vaults_dpeg_emergency_exit, v_misc_13, nicolae_vaults_circle_grid_a,
          vaults_room_door_ring, layout_vaults_omnibox
Vaults:2: nicolae_vaults_ninety_degrees, v_rooms_3, hangedman_vaults_stagger,
          v_misc_5, vaults_room_pool, nicolae_vaults_specimen_jars,
          ontoclasm_vaults_hangar, serial_ice_h, hangedman_vaults_pinch,
          st_cross, nicolae_vaults_little_squares_4,
          nicolae_vaults_network_quinsquares
          [nicolae_vaults_network_quincunx_subvault,
          nicolae_vaults_network_quincunx_subvault,
          nicolae_vaults_network_quincunx_subvault,
          nicolae_vaults_network_quincunx_subvault], layout_vaults_big_cross,
          serial_shops, shop
Vaults:3: blue_anna_dwarven_crypt, nicolae_vaults_twisting_passages,
          nicolae_vaults_windows_and_doors_thing, nicolae_vaults_theta,
          hangedman_vaults_locks, hangedman_vaults_stitches,
          vaults_dpeg_diagonal, v_misc_19, vaults_room_fours,
          layout_vaults_omnigrid
Vaults:4: hangedman_vaults_corner, nicolae_vaults_diagonal_hallway_7, v_rooms_5,
          nicolae_vaults_big_angled_halls, hangedman_vaults_trim,
          vaults_mumra_hex, nicolae_vaults_puzzle_piece,
          nicolae_vaults_network_periphery, vaults_room_fancy_cross,
          vaults_room_stairs_pillars, layout_vaults_maze, serial_shops,
          nicolae_diamond_shop
Depths:1: layout_forbidden_donut, dk_noncrumbling_2, hell_entry, minivault_14,
          onia_ninara_cookie

Skill      XL: |  1  2  3  4  5  6  7  8  9 10 11 12 13 14 15 16 17 18 19 20 21 |
---------------+----------------------------------------------------------------+-----
Axes           | 2 3 4 5 6 8 10 11 12 13 14 16 17 18 | 18.0
Fighting       | 4 7 8 9 10 11 12 13 15 16 18 19 | 19.0
Dodging        | 1 3 4 5 6 8 9 |  9.9
Throwing       | 3 4 5 6 7 10 | 10.0
Armour         | 4 6 7 9 10 11 12 13 14 16 17 18 | 18.0
Shields        | 4 5 6 7 10 16 17 18 19 20 | 20.0
Invocations    | 4 8 10 | 10.0

Action                   |  1- 3 |  4- 6 |  7- 9 | 10-12 | 13-15 | 16-18 | 19-21 | 22-24 || total
-------------------------+-------+-------+-------+-------+-------+-------+-------+-------++-------
Melee: War axe           |   169 |   216 |   203 |    50 |    43 |     4 |       |       ||   685
       Broad axe         |       |       |       |   437 |   937 |  1891 |  1666 |     5 ||  4936
Throw: Javelin           |       |       |    40 |    74 |   183 |    92 |    44 |       ||   433
       Boomerang         |       |       |       |       |    22 |   115 |   188 |       ||   325
Invok: Heroism           |       |       |       |    24 |    44 |    58 |    40 |       ||   166
       Finesse           |       |       |       |     3 |    11 |    13 |     4 |       ||    31
  Use: Scroll            |     2 |     6 |     6 |     9 |     9 |    13 |     6 |       ||    51
       Potion            |     1 |     2 |     5 |     1 |     1 |     3 |     3 |       ||    16
 Stab: Petrified         |       |       |       |       |       |     1 |       |       ||     1
       Distracted        |       |       |       |       |       |     2 |     3 |       ||     5
       Confused          |       |       |       |       |       |     1 |     2 |       ||     3
       Held in net/web   |       |       |       |       |       |       |     1 |       ||     1
Armor: Scale mail        |   108 |    63 |       |       |       |       |       |       ||   171
       Chain mail        |       |    58 |   167 |    99 |       |       |       |       ||   324
       Pearl dragon scal |       |       |       |   161 |       |       |       |       ||   161
       Plate armour      |       |       |       |     8 |   500 |  1012 |   779 |    12 ||  2311
Dodge: Dodged            |    90 |    85 |    81 |   230 |   344 |   514 |   574 |     4 ||  1922
Block: Buckler           |    38 |    28 |    40 |   130 |   233 |       |       |       ||   469
       Tower shield      |       |       |       |       |    81 |  1928 |  2056 |     3 ||  4068
       Reflection        |       |       |       |       |       |       |    57 |       ||    57

Table legend:
 A = Non-vault XP
 B = Vault XP
 C = Vault XP percentage of total XP
 D = Non-vault monster count
 E = Vault monster count
 F = Vault count percentage of total count
                 A         B        C        D         E       F
            +---------+---------+-------+---------+---------+-------
      Total |  337409 |  259096 |  43.4 |     933 |     589 |  38.7
            +---------+---------+-------+---------+---------+-------
        D:1 |      32 |       0 |   0.0 |      21 |       0 |   0.0
        D:2 |      64 |      13 |  16.9 |      29 |       7 |  19.4
        D:3 |      59 |       1 |   1.7 |      22 |       1 |   4.3
        D:4 |     575 |     223 |  27.9 |      23 |       1 |   4.2
        D:5 |     446 |    1224 |  73.3 |      23 |       4 |  14.8
        D:6 |     611 |       6 |   1.0 |      10 |       5 |  33.3
        D:7 |     439 |    2416 |  84.6 |       8 |      22 |  73.3
        D:8 |     758 |    2310 |  75.3 |      22 |       6 |  21.4
        D:9 |    2234 |     857 |  27.7 |      35 |       1 |   2.8
       D:10 |    1015 |       0 |   0.0 |       9 |       0 |   0.0
       D:11 |    4675 |   13233 |  73.9 |      18 |      54 |  75.0
       D:12 |    9216 |     185 |   2.0 |      31 |       1 |   3.1
       D:13 |    3220 |    3932 |  55.0 |       5 |       6 |  54.5
       D:14 |    8302 |       0 |   0.0 |      15 |       0 |   0.0
       D:15 |   15348 |    7930 |  34.1 |      32 |      11 |  25.6
     Lair:1 |    6278 |       0 |   0.0 |      25 |       0 |   0.0
     Lair:2 |    7603 |    1521 |  16.7 |      34 |      10 |  22.7
     Lair:3 |   15905 |       0 |   0.0 |      32 |       0 |   0.0
     Lair:4 |   11159 |    8058 |  41.9 |      31 |      17 |  35.4
     Lair:5 |   14384 |   17952 |  55.5 |      36 |      87 |  70.7
    Swamp:1 |   12765 |       0 |   0.0 |      27 |       0 |   0.0
    Swamp:2 |   19175 |       0 |   0.0 |      38 |       0 |   0.0
    Swamp:3 |   16596 |       0 |   0.0 |      27 |       0 |   0.0
    Swamp:4 |   10282 |   22975 |  69.1 |      16 |      33 |  67.3
   Spider:1 |   10937 |    6475 |  37.2 |      30 |      13 |  30.2
   Spider:2 |   17067 |   13677 |  44.5 |      42 |      19 |  31.1
   Spider:3 |   16979 |    2748 |  13.9 |      37 |       6 |  14.0
   Spider:4 |    4415 |   24695 |  84.8 |      14 |      53 |  79.1
      Orc:1 |    5112 |    9808 |  65.7 |      50 |      26 |  34.2
      Orc:2 |    2570 |   16209 |  86.3 |      15 |      60 |  80.0
   Vaults:1 |   40745 |   25901 |  38.9 |      61 |      44 |  41.9
   Vaults:2 |   11778 |   24230 |  67.3 |      21 |      32 |  60.4
   Vaults:3 |   42838 |   27608 |  39.2 |      62 |      39 |  38.6
   Vaults:4 |   22894 |   21153 |  48.0 |      31 |      27 |  46.6
   Depths:1 |     933 |    3756 |  80.1 |       1 |       4 |  80.0
            +---------+---------+-------+---------+---------+-------
